Workbook
Name \i: #REF!
Name __________________mar2: #REF!
Name ________________mar2: #REF!
Name ______________mar2: #REF!
Name ____________mar2: #REF!
Name ___________mar2: #REF!
Name __________mar2: #REF!
Name _________mar2: #REF!
Name ________mar2: #REF!
Name _______mar2: #REF!
Name ______mar2: #REF!
Name _____mar2: #REF!
Name _____TB10: #REF!
Name _____tot1: #REF!
Name _____tot2: #REF!
Name _____tot3: #REF!
Name _____tot4: #REF!
Name _____tot5: #REF!
Name _____tot6: #REF!
Name _____tot7: #REF!
Name _____tot8: #REF!
Name ____ACA25: #REF!
Name ____ACA50: #REF!
Name ____CCM30: #REF!
Name ____CMM30: #REF!
Name ____la2: #REF!
Name ____mar2: #REF!
Name ____PCM30: #REF!
Name ____PL1: #REF!
Name ____PLA2: #REF!
Name ____PTB10: #REF!
Name ____sub1: #REF!
Name ____sub1: #REF!
Name ____sub3: #REF!
Name ____sub3: #REF!
Name ____TB10: #REF!
Name ____TOT1: #REF!
Name ____tot1: #REF!
Name ____TOT2: #REF!
Name ____tot2: #REF!
Name ____TOT3: #REF!
Name ____tot3: #REF!
Name ____TOT4: #REF!
Name ____tot4: #REF!
Name ____TOT5: #REF!
Name ____tot5: #REF!
Name ____TOT6: #REF!
Name ____tot6: #REF!
Name ____TOT7: #REF!
Name ____tot7: #REF!
Name ____tot8: #REF!
Name ___ABR95: #REF!
Name ___ABR96: #REF!
Name ___ABR97: #REF!
Name ___ABR98: #REF!
Name ___ABR99: #REF!
Name ___ACA25: #REF!
Name ___ACA50: #REF!
Name ___AGO95: #REF!
Name ___AGO96: #REF!

Sheet PLANILHA
A2: ANEXO B | C2: PLANILHA ORÇAMENTÁRIA ESTIMATIVA CONSOLIDADA | H2: Data Base:
A3: PROJETO DE REQUALIFICAÇÃO E AMPLIAÇÃO DOS SISTEMAS DE ABASTECIMENTO D'ÁGUA EM DISTRITOS DE AFRANIO/PE | H3: 45658
A5: DISCRIMINAÇÃO | D5: VALOR UNITÁRIO | F5: ENCARGOS SOCIAIS*
F6: % | G6: Valor (R$)
A7: A - EQUIPE TÉCNICA DO PROJETO
A8: A1 - Pessoal Nível Superior | D8: ='QUADRO 4'!E15 -> 192484.54 | F8: 0.8404 | G8: =ROUND(D8*F8,2) -> 161764.01 | H8: =ROUND(D8+G8,2) -> 354248.55
A9: A2 - Pessoal de Nível Técnico | D9: ='QUADRO 4'!E23 -> 89648.63 | F9: 0.8404 | G9: =ROUND(D9*F9,2) -> 75340.71 | H9: =ROUND(D9+G9,2) -> 164989.34
A10: A3 - Pessoal de Nível Auxiliar | D10: ='QUADRO 4'!E32 -> 23978.4 | F10: 0.8404 | G10: =ROUND(D10*F10,2) -> 20151.45 | H10: =ROUND(D10+G10,2) -> 44129.85
A11: SUB TOTAL 1 | H11: =SUM(H8:H10) -> 563367.74
A13: B - CUSTOS ADMINISTRATIVOS
A14: Taxa incidente sobre SUB TOTAL 1 | D14: 0.2 | H14: =ROUND(H11*D14,2) -> 112673.55
A15: C - DESPESAS GERAIS - Relatórios | D15: ='QUADRO 02'!I33 -> 21700 | H15: =D15 -> 21700
A16: D - DESPESAS GERAIS | D16: ='QUADRO 3'!I21 -> 75480.82 | H16: =D16 -> 75480.82
A17: SUB TOTAL 2 | H17: =SUM(H11:H16) -> 773222.11
A19: E - REMUNERAÇÃO DA EMPRESA
A20: Taxa incidente sobre SUB TOTAL 2 | D20: 0.1200672 | H20: =ROUND(H17*D20,2) -> 92838.61
A21: SUB TOTAL 3 | H21: =ROUND(H17+H20,2) -> 866060.72
A23: F - DESPESAS FISCAIS
A24: Taxa incidente sobre SUB TOTAL 3 | D24: 0.16619999 | H24: =ROUND(H21*D24,2) -> 143939.28
A26: VALOR TOTAL ESTIMADO MÁXIMO | H26: =ROUND((H21+H24),2) -> 1010000

Sheet QUADRO 01
A4: ANEXO C - CUSTO DE ELABORAÇÃO DE PROJETO / UTILIZAÇÃO DA EQUIPE E EQUIPAMENTOS POR SERVIÇOS - QUADRO 01
A5: OBJETO :
A6: =PLANILHA!A3 -> PROJETO DE REQUALIFICAÇÃO E AMPLIAÇÃO DOS SISTEMAS DE ABASTECIMENTO D'ÁGUA EM DISTRITOS DE AFRANIO/PE
A7: ITEM | B7: SERVIÇOS | C7: NOME/ FUNÇÃO NO PROJETO | D7: Cod. | E7: Unid | F7: Qtde | G7: h/Dia | H7: Dia | I7: Quant | J7: R$ | K7: R$ | L7: Enc. Sociais | M7: Custo Adm. | N7: Rem. Empresa | O7: Despesas Fiscais | P7: Total Geral | Q7: Total Geral | R7: Total Geral | S7: CRONOGRAMA (DIAS CORRIDOS) | AE7: NÚMERO DE HOMENS/PERÍODO | AT7: NÚMERO DE EQUIPAMENTOS E APOIO | AX7: NÚMERO DE SERVIÇOS GRÁFICOS
J8: Unitario | K8: Total | L8: 0.8404 | M8: 0.2 | N8: 0.12 | O8: 0.1662 | P8: 1 | Q8: 1 | R8: % | S8: 30 | T8: 60 | U8: 90 | V8: 120 | W8: 150 | X8: 180 | Y8: 210 | Z8: 240 | AA8: 270 | AB8: 300 | AC8: 330 | AD8: 360 | AE8: P8060 | AF8: P8061 | AG8: P8067 | AH8: P8066 | AI8: P8065 | AJ8: P8003 | AK8: P8147 | AL8: P8163 | AM8: P8155 | AN8: P8098 | AO8: P8135 | AP8: P8028 | AQ8: P8025 | AR8: P8026 | AS8: P8027 | AT8: E8889 | AU8: E8891 | AV8: B8957 | AW8: B8958 | AX8: GA4 | AY8: GA3
K9: =SUM(K11:K124) -> 400684.96 | L9: =SUM(L11:L124) -> 265645.28 | M9: =SUM(M11:M124) -> 116347.64 | N9: =SUM(N11:N124) -> 93920.899 | O9: =SUM(O11:O124) -> 145690.3 | P9: =SUM(P11:P124) -> 1022289.1 | Q9: =SUM(Q11:Q124) -> 1022289.1 | R9: =SUM(R11:R124) -> 1 | S9: 1 | T9: 2 | U9: 3 | V9: 4 | W9: 5 | X9: 6 | Y9: 7 | Z9: 8 | AA9: 9 | AB9: 10 | AC9: 11 | AD9: 12
A10: P1 | B10: P1 - Plano de Trabalho para os Estudos de Concepção, Projetos Básicos, Serviços Topográficos e Geotécnicos
B11: Coordenação Geral | C11: Engenheiro Coordenador (P0) | D11: P8061 | E11: homem/mês | F11: 1 | G11: 1 | H11: 30 | I11: =SUM(AE11:AY11) -> 0.1 | J11: =VLOOKUP(D11,DNIT_CONSUL!$A$4:$D$120,4,FALSE) -> 18662.99 | K11: =TRUNC(I11*J11,2) -> 1866.29 | L11: =TRUNC(K11*$L$8,2) -> 1568.43 | M11: =TRUNC((K11+L11)*$M$8,2) -> 686.94 | N11: =TRUNC((K11+L11+M11)*$N$8,2) -> 494.59 | O11: =TRUNC((K11+L11+M11+N11)*$O$8,2) -> 767.22 | P11: =SUM(K11:O11) -> 5383.47 | Q11: =SUM(P11:P17) -> 74132.814 | R11: =ROUND(Q11/$Q$9,8) -> 0.07251649 | AF11: 0.1
B12: Coordenação Técnica | C12: Engenheiro Profissional Senior (P1) | D12: P8067 | E12: homem/mês | F12: =F11 -> 1 | G12: 4 | H12: =$H$11 -> 30 | I12: =SUM(AE12:AY12) -> 0.45 | J12: =VLOOKUP(D12,DNIT_CONSUL!$A$4:$D$120,4,FALSE) -> 16396.56 | K12: =TRUNC(I12*J12,2) -> 7378.45 | L12: =TRUNC(K12*$L$8,2) -> 6200.84 | M12: =TRUNC((K12+L12)*$M$8,2) -> 2715.85 | N12: =TRUNC((K12+L12+M12)*$N$8,2) -> 1955.41 | O12: =TRUNC((K12+L12+M12+N12)*$O$8,2) -> 3033.24 | P12: =SUM(K12:O12) -> 21283.79 | AG12: 0.45
C13: Engenheiro Profissional Pleno (P2) | D13: P8066 | E13: homem/mês | F13: =F12 -> 1 | G13: 4 | H13: =$H$11 -> 30 | I13: =SUM(AE13:AY13) -> 0.45 | J13: =VLOOKUP(D13,DNIT_CONSUL!$A$4:$D$120,4,FALSE) -> 13163.74 | K13: =TRUNC(I13*J13,2) -> 5923.68 | L13: =TRUNC(K13*$L$8,2) -> 4978.26 | M13: =TRUNC((K13+L13)*$M$8,2) -> 2180.38 | N13: =TRUNC((K13+L13+M13)*$N$8,2) -> 1569.87 | O13: =TRUNC((K13+L13+M13+N13)*$O$8,2) -> 2435.19 | P13: =SUM(K13:O13) -> 17087.38 | AH13: 0.45
B14: Equipe Técnica | C14: Engenheiro Profissional Pleno (P2) | D14: P8066 | E14: homem/mês | F14: 1 | G14: 4 | H14: =$H$11 -> 30 | I14: =SUM(AE14:AY14) -> 0.45 | J14: =VLOOKUP(D14,DNIT_CONSUL!$A$4:$D$120,4,FALSE) -> 13163.74 | K14: =TRUNC(I14*J14,2) -> 5923.68 | L14: =TRUNC(K14*$L$8,2) -> 4978.26 | M14: =(K14+L14)*$M$8 -> 2180.388 | N14: =(K14+L14+M14)*$N$8 -> 1569.8794 | O14: =+(K14+L14+M14+N14)*$O$8 -> 2435.1969 | P14: =SUM(K14:O14) -> 17087.404 | AH14: 0.45
C15: Técnico Pleno (T2) | D15: P8155 | E15: homem/mês | F15: =F14*2 -> 2 | G15: 4 | H15: =$H$11 -> 30 | I15: =SUM(AE15:AY15) -> 1 | J15: =VLOOKUP(D15,DNIT_CONSUL!$A$4:$D$120,4,FALSE) -> 2920.29 | K15: =TRUNC(I15*J15,2) -> 2920.29 | L15: =TRUNC(K15*$L$8,2) -> 2454.21 | M15: =TRUNC((K15+L15)*$M$8,2) -> 1074.9 | N15: =TRUNC((K15+L15+M15)*$N$8,2) -> 773.92 | O15: =TRUNC((K15+L15+M15+N15)*$O$8,2) -> 1200.51 | P15: =SUM(K15:O15) -> 8423.83 | AM15: =ROUND(F15*(G15/8*H15/30),2) -> 1
B16: Veiculo | C16: Veículo Leve - Tipo Hatch - (sem motorista) | D16: E8889 | E16: ud | F16: 1 | H16: =$H$11 -> 30 | I16: =SUM(AE16:AY16) -> 1 | J16: =VLOOKUP(D16,DNIT_CONSUL!$A$4:$D$120,4,FALSE) -> 2926.2 | K16: =TRUNC(I16*J16,2) -> 2926.2 | N16: =TRUNC((K16+L16+M16)*$N$8,2) -> 351.14 | O16: =TRUNC((K16+L16+M16+N16)*$O$8,2) -> 544.69 | P16: =SUM(K16:O16) -> 3822.03 | AT16: =ROUND(F16*H16/30,2) -> 1
B17: Serviços Gráficos | C17: Impressão A4 | D17: GA4 | E17: ud | F17: 1 | H17: 30 | I17: =SUM(AE17:AY17) -> 1 | J17: =VLOOKUP(D17,DNIT_CONSUL!$A$4:$D$120,4,FALSE) -> 800 | K17: =TRUNC(I17*J17,2) -> 800 | N17: =TRUNC((K17+L17+M17)*$N$8,2) -> 96 | O17: =TRUNC((K17+L17+M17+N17)*$O$8,2) -> 148.91 | P17: =SUM(K17:O17) -> 1044.91 | AX17: =ROUND(F17*H17/30,2) -> 1
A18: P2 | B18: P2 - Estudos de Concepção
B19: Coordenação Geral | C19: Engenheiro Coordenador (P0) | D19: P8061 | E19: homem/mês | F19: 1 | G19: =$G$11 -> 1 | H19: 30 | I19: =SUM(AE19:AY19) -> 0.1 | J19: =VLOOKUP(D19,DNIT_CONSUL!$A$4:$D$120,4,FALSE) -> 18662.99 | K19: =TRUNC(I19*J19,2) -> 1866.29 | L19: =TRUNC(K19*$L$8,2) -> 1568.43 | M19: =TRUNC((K19+L19)*$M$8,2) -> 686.94 | N19: =TRUNC((K19+L19+M19)*$N$8,2) -> 494.59 | O19: =TRUNC((K19+L19+M19+N19)*$O$8,2) -> 767.22 | P19: =SUM(K19:O19) -> 5383.47 | Q19: =SUM(P19:P25) -> 74132.79 | R19: =ROUND(Q19/$Q$9,8) -> 0.07251647 | AF19: 0.1
B20: Coordenação Técnica | C20: Engenheiro Profissional Senior (P1) | D20: P8067 | E20: homem/mês | F20: =F19 -> 1 | G20: =$G$12 -> 4 | H20: =$H$19 -> 30 | I20: =SUM(AE20:AY20) -> 0.45 | J20: =VLOOKUP(D20,DNIT_CONSUL!$A$4:$D$120,4,FALSE) -> 16396.56 | K20: =TRUNC(I20*J20,2) -> 7378.45 | L20: =TRUNC(K20*$L$8,2) -> 6200.84 | M20: =TRUNC((K20+L20)*$M$8,2) -> 2715.85 | N20: =TRUNC((K20+L20+M20)*$N$8,2) -> 1955.41 | O20: =TRUNC((K20+L20+M20+N20)*$O$8,2) -> 3033.24 | P20: =SUM(K20:O20) -> 21283.79 | AG20: 0.45
C21: Engenheiro Profissional Pleno (P2) | D21: P8066 | E21: homem/mês | F21: =F19 -> 1 | G21: =$G$13 -> 4 | H21: =$H$19 -> 30 | I21: =SUM(AE21:AY21) -> 0.45 | J21: =VLOOKUP(D21,DNIT_CONSUL!$A$4:$D$120,4,FALSE) -> 13163.74 | K21: =TRUNC(I21*J21,2) -> 5923.68 | L21: =TRUNC(K21*$L$8,2) -> 4978.26 | M21: =TRUNC((K21+L21)*$M$8,2) -> 2180.38 | N21: =TRUNC((K21+L21+M21)*$N$8,2) -> 1569.87 | O21: =TRUNC((K21+L21+M21+N21)*$O$8,2) -> 2435.19 | P21: =SUM(K21:O21) -> 17087.38 | AH21: 0.45
B22: Equipe Técnica | C22: Engenheiro Profissional Pleno (P2) | D22: P8066 | E22: homem/mês | F22: 1 | G22: 4 | H22: =$H$19 -> 30 | I22: =SUM(AE22:AY22) -> 0.45 | J22: =VLOOKUP(D22,DNIT_CONSUL!$A$4:$D$120,4,FALSE) -> 13163.74 | K22: =TRUNC(I22*J22,2) -> 5923.68 | L22: =TRUNC(K22*$L$8,2) -> 4978.26 | M22: =TRUNC((K22+L22)*$M$8,2) -> 2180.38 | N22: =TRUNC((K22+L22+M22)*$N$8,2) -> 1569.87 | O22: =TRUNC((K22+L22+M22+N22)*$O$8,2) -> 2435.19 | P22: =SUM(K22:O22) -> 17087.38 | AH22: 0.45
C23: Técnico Pleno (T2) | D23: P8155 | E23: homem/mês | F23: =F22*2 -> 2 | G23: 4 | H23: =$H$19 -> 30 | I23: =SUM(AE23:AY23) -> 1 | J23: =VLOOKUP(D23,DNIT_CONSUL!$A$4:$D$120,4,FALSE) -> 2920.29 | K23: =TRUNC(I23*J23,2) -> 2920.29 | L23: =TRUNC(K23*$L$8,2) -> 2454.21 | M23: =TRUNC((K23+L23)*$M$8,2) -> 1074.9 | N23: =TRUNC((K23+L23+M23)*$N$8,2) -> 773.92 | O23: =TRUNC((K23+L23+M23+N23)*$O$8,2) -> 1200.51 | P23: =SUM(K23:O23) -> 8423.83 | AM23: =ROUND(F23*(G23/8*H23/30),2) -> 1
B24: Veiculo | C24: Veículo Leve - Tipo Hatch - (sem motorista) | D24: E8889 | E24: ud | F24: 1 | H24: =$H$19 -> 30 | I24: =SUM(AE24:AY24) -> 1 | J24: =VLOOKUP(D24,DNIT_CONSUL!$A$4:$D$120,4,FALSE) -> 2926.2 | K24: =TRUNC(I24*J24,2) -> 2926.2 | N24: =TRUNC((K24+L24+M24)*$N$8,2) -> 351.14 | O24: =TRUNC((K24+L24+M24+N24)*$O$8,2) -> 544.69 | P24: =SUM(K24:O24) -> 3822.03 | AT24: =ROUND(F24*H24/30,2) -> 1
B25: Serviços Gráficos | C25: Impressão A4 | D25: GA4 | E25: ud | F25: 1 | H25: 30 | I25: =SUM(AE25:AY25) -> 1 | J25: =VLOOKUP(D25,DNIT_CONSUL!$A$4:$D$120,4,FALSE) -> 800 | K25: =TRUNC(I25*J25,2) -> 800 | N25: =TRUNC((K25+L25+M25)*$N$8,2) -> 96 | O25: =TRUNC((K25+L25+M25+N25)*$O$8,2) -> 148.91 | P25: =SUM(K25:O25) -> 1044.91 | AX25: =ROUND(F25*H25/30,2) -> 1
A26: P3 | B26: P3 - Estudos Ambientais Preliminares (RAP)
B27: Equipe Técnica | C27: Engenheiro Profissional Pleno (P2) | D27: P8066 | E27: homem/mês | F27: 1 | G27: 4 | H27: 30 | I27: =SUM(AE27:AY27) -> 0.45 | J27: =VLOOKUP(D27,DNIT_CONSUL!$A$4:$D$120,4,FALSE) -> 13163.74 | K27: =TRUNC(I27*J27,2) -> 5923.68 | L27: =TRUNC(K27*$L$8,2) -> 4978.26 | M27: =TRUNC((K27+L27)*$M$8,2) -> 2180.38 | N27: =TRUNC((K27+L27+M27)*$N$8,2) -> 1569.87 | O27: =TRUNC((K27+L27+M27+N27)*$O$8,2) -> 2435.19 | P27: =SUM(K27:O27) -> 17087.38 | Q27: =SUM(P27:P29) -> 26556.12 | R27: =ROUND(Q27/$Q$9,8) -> 0.02597711 | AH27: 0.45
C28: Técnico Pleno (T2) | D28: P8155 | E28: homem/mês | F28: =F27*2 -> 2 | G28: 4 | H28: 30 | I28: =SUM(AE28:AY28) -> 1 | J28: =VLOOKUP(D28,DNIT_CONSUL!$A$4:$D$120,4,FALSE) -> 2920.29 | K28: =TRUNC(I28*J28,2) -> 2920.29 | L28: =TRUNC(K28*$L$8,2) -> 2454.21 | M28: =TRUNC((K28+L28)*$M$8,2) -> 1074.9 | N28: =TRUNC((K28+L28+M28)*$N$8,2) -> 773.92 | O28: =TRUNC((K28+L28+M28+N28)*$O$8,2) -> 1200.51 | P28: =SUM(K28:O28) -> 8423.83 | AM28: =ROUND(F28*(G28/8*H28/30),2) -> 1
B29: Serviços Gráficos | C29: Impressão A4 | D29: GA4 | E29: ud | F29: 1 | H29: 30 | I29: =SUM(AE29:AY29) -> 1 | J29: =VLOOKUP(D29,DNIT_CONSUL!$A$4:$D$120,4,FALSE) -> 800 | K29: =TRUNC(I29*J29,2) -> 800 | N29: =TRUNC((K29+L29+M29)*$N$8,2) -> 96 | O29: =TRUNC((K29+L29+M29+N29)*$O$8,2) -> 148.91 | P29: =SUM(K29:O29) -> 1044.91 | AX29: =ROUND(F29*H29/30,2) -> 1
A30: P4 | B30: P4 - Projetos Básicos - Parte 1: Projeto básico do sistema d'água, planta geral do sistema, mananciais / captações, condutos adutoras / subadutoras, estações elevatórias, reservatórios, estações de tratamento, rede de distribuição, ligações domiciliares, desempenho operacional | U30: D1 | V30: D2 | W30: D3
B31: Coordenação Geral | C31: Engenheiro Coordenador (P0) | D31: P8061 | E31: homem/mês | F31: 1 | G31: =$G$11 -> 1 | H31: 30 | I31: =SUM(AE31:AY31) -> 0.1 | J31: =VLOOKUP(D31,DNIT_CONSUL!$A$4:$D$120,4,FALSE) -> 18662.99 | K31: =TRUNC(I31*J31,2) -> 1866.29 | L31: =TRUNC(K31*$L$8,2) -> 1568.43 | M31: =TRUNC((K31+L31)*$M$8,2) -> 686.94 | N31: =TRUNC((K31+L31+M31)*$N$8,2) -> 494.59 | O31: =TRUNC((K31+L31+M31+N31)*$O$8,2) -> 767.22 | P31: =SUM(K31:O31) -> 5383.47 | Q31: =SUM(P31:P37) -> 106740.83 | R31: =ROUND(Q31/$Q$9,8) -> 0.10441355 | AF31: 0.1
B32: Coordenação Técnica | C32: Engenheiro Profissional Senior (P1) | D32: P8067 | E32: homem/mês | F32: =F31 -> 1 | G32: =$G$12 -> 4 | H32: =$H$31 -> 30 | I32: =SUM(AE32:AY32) -> 0.45 | J32: =VLOOKUP(D32,DNIT_CONSUL!$A$4:$D$120,4,FALSE) -> 16396.56 | K32: =TRUNC(I32*J32,2) -> 7378.45 | L32: =TRUNC(K32*$L$8,2) -> 6200.84 | M32: =TRUNC((K32+L32)*$M$8,2) -> 2715.85 | N32: =TRUNC((K32+L32+M32)*$N$8,2) -> 1955.41 | O32: =TRUNC((K32+L32+M32+N32)*$O$8,2) -> 3033.24 | P32: =SUM(K32:O32) -> 21283.79 | AG32: 0.45
C33: Engenheiro Profissional Pleno (P2) | D33: P8066 | E33: homem/mês | F33: =F31 -> 1 | G33: =$G$13 -> 4 | H33: =$H$31 -> 30 | I33: =SUM(AE33:AY33) -> 0.45 | J33: =VLOOKUP(D33,DNIT_CONSUL!$A$4:$D$120,4,FALSE) -> 13163.74 | K33: =TRUNC(I33*J33,2) -> 5923.68 | L33: =TRUNC(K33*$L$8,2) -> 4978.26 | M33: =TRUNC((K33+L33)*$M$8,2) -> 2180.38 | N33: =TRUNC((K33+L33+M33)*$N$8,2) -> 1569.87 | O33: =TRUNC((K33+L33+M33+N33)*$O$8,2) -> 2435.19 | P33: =SUM(K33:O33) -> 17087.38 | AH33: 0.45
B34: Equipe Técnica | C34: Engenheiro Profissional Pleno (P2) | D34: P8066 | E34: homem/mês | F34: 1 | G34: 8 | H34: =$H$31 -> 30 | I34: =SUM(AE34:AY34) -> 1 | J34: =VLOOKUP(D34,DNIT_CONSUL!$A$4:$D$120,4,FALSE) -> 13163.74 | K34: =TRUNC(I34*J34,2) -> 13163.74 | L34: =TRUNC(K34*$L$8,2) -> 11062.8 | M34: =TRUNC((K34+L34)*$M$8,2) -> 4845.3 | N34: =TRUNC((K34+L34+M34)*$N$8,2) -> 3488.62 | O34: =TRUNC((K34+L34+M34+N34)*$O$8,2) -> 5411.54 | P34: =SUM(K34:O34) -> 37972 | AH34: 1
C35: Técnico Pleno (T2) | D35: P8155 | E35: homem/mês | F35: =F34*2 -> 2 | G35: 8 | H35: =$H$31 -> 30 | I35: =SUM(AE35:AY35) -> 2 | J35: =VLOOKUP(D35,DNIT_CONSUL!$A$4:$D$120,4,FALSE) -> 2920.29 | K35: =TRUNC(I35*J35,2) -> 5840.58 | L35: =TRUNC(K35*$L$8,2) -> 4908.42 | M35: =TRUNC((K35+L35)*$M$8,2) -> 2149.8 | N35: =TRUNC((K35+L35+M35)*$N$8,2) -> 1547.85 | O35: =TRUNC((K35+L35+M35+N35)*$O$8,2) -> 2401.03 | P35: =SUM(K35:O35) -> 16847.68 | AM35: =ROUND(F35*(G35/8*H35/30),2) -> 2
B36: Veiculo | C36: Veículo Leve - Tipo Hatch - (sem motorista) | D36: E8889 | E36: ud | F36: =(F34+F32) -> 2 | H36: =$H$31 -> 30 | I36: =SUM(AE36:AY36) -> 2 | J36: =VLOOKUP(D36,DNIT_CONSUL!$A$4:$D$120,4,FALSE) -> 2926.2 | K36: =TRUNC(I36*J36,2) -> 5852.4 | N36: =TRUNC((K36+L36+M36)*$N$8,2) -> 702.28 | O36: =TRUNC((K36+L36+M36+N36)*$O$8,2) -> 1089.38 | P36: =SUM(K36:O36) -> 7644.06 | AT36: =ROUND(F36*H36/30,2) -> 2
B37: Serviços Gráficos | C37: Impressão A4 | D37: GA4 | E37: ud | F37: 1 | H37: 15 | I37: =SUM(AE37:AY37) -> 0.5 | J37: =VLOOKUP(D37,DNIT_CONSUL!$A$4:$D$120,4,FALSE) -> 800 | K37: =TRUNC(I37*J37,2) -> 400 | N37: =TRUNC((K37+L37+M37)*$N$8,2) -> 48 | O37: =TRUNC((K37+L37+M37+N37)*$O$8,2) -> 74.45 | P37: =SUM(K37:O37) -> 522.45 | AX37: =ROUND(F37*H37/30,2) -> 0.5
A38: P5 | B38: P5 - Projetos Básicos - Parte 2 - Outros Projetos: Projeto hidráulico, relação de serviços / materiais / equipamentos / quantitativos, especificações dos serviços / materiais / equipamentos) | V38: D1 | W38: D2 | X38: D3
B39: Coordenação Geral | C39: Engenheiro Coordenador (P0) | D39: P8061 | E39: homem/mês | F39: 1 | G39: 1 | H39: 30 | I39: =SUM(AE39:AY39) -> 0.1 | J39: =VLOOKUP(D39,DNIT_CONSUL!$A$4:$D$120,4,FALSE) -> 18662.99 | K39: =TRUNC(I39*J39,2) -> 1866.29 | L39: =TRUNC(K39*$L$8,2) -> 1568.43 | M39: =TRUNC((K39+L39)*$M$8,2) -> 686.94 | N39: =TRUNC((K39+L39+M39)*$N$8,2) -> 494.59 | O39: =TRUNC((K39+L39+M39+N39)*$O$8,2) -> 767.22 | P39: =SUM(K39:O39) -> 5383.47 | Q39: =SUM(P39:P45) -> 106740.83 | R39: =ROUND(Q39/$Q$9,8) -> 0.10441355 | AF39: 0.1
B40: Coordenação Técnica | C40: Engenheiro Profissional Senior (P1) | D40: P8067 | E40: homem/mês | F40: =F39 -> 1 | G40: =$G$12 -> 4 | H40: 30 | I40: =SUM(AE40:AY40) -> 0.45 | J40: =VLOOKUP(D40,DNIT_CONSUL!$A$4:$D$120,4,FALSE) -> 16396.56 | K40: =TRUNC(I40*J40,2) -> 7378.45 | L40: =TRUNC(K40*$L$8,2) -> 6200.84 | M40: =TRUNC((K40+L40)*$M$8,2) -> 2715.85 | N40: =TRUNC((K40+L40+M40)*$N$8,2) -> 1955.41 | O40: =TRUNC((K40+L40+M40+N40)*$O$8,2) -> 3033.24 | P40: =SUM(K40:O40) -> 21283.79 | AG40: 0.45
C41: Engenheiro Profissional Pleno (P2) | D41: P8066 | E41: homem/mês | F41: =F40 -> 1 | G41: =$G$13 -> 4 | H41: 30 | I41: =SUM(AE41:AY41) -> 0.45 | J41: =VLOOKUP(D41,DNIT_CONSUL!$A$4:$D$120,4,FALSE) -> 13163.74 | K41: =TRUNC(I41*J41,2) -> 5923.68 | L41: =TRUNC(K41*$L$8,2) -> 4978.26 | M41: =TRUNC((K41+L41)*$M$8,2) -> 2180.38 | N41: =TRUNC((K41+L41+M41)*$N$8,2) -> 1569.87 | O41: =TRUNC((K41+L41+M41+N41)*$O$8,2) -> 2435.19 | P41: =SUM(K41:O41) -> 17087.38 | AH41: 0.45
B42: Equipe Técnica | C42: Engenheiro Profissional Pleno (P2) | D42: P8066 | E42: homem/mês | F42: 1 | G42: 8 | H42: 30 | I42: =SUM(AE42:AY42) -> 1 | J42: =VLOOKUP(D42,DNIT_CONSUL!$A$4:$D$120,4,FALSE) -> 13163.74 | K42: =TRUNC(I42*J42,2) -> 13163.74 | L42: =TRUNC(K42*$L$8,2) -> 11062.8 | M42: =TRUNC((K42+L42)*$M$8,2) -> 4845.3 | N42: =TRUNC((K42+L42+M42)*$N$8,2) -> 3488.62 | O42: =TRUNC((K42+L42+M42+N42)*$O$8,2) -> 5411.54 | P42: =SUM(K42:O42) -> 37972 | AH42: =ROUND(F42*(G42/8*H42/30),2) -> 1
C43: Técnico Pleno (T2) | D43: P8155 | E43: homem/mês | F43: =F42*2 -> 2 | G43: 8 | H43: 30 | I43: =SUM(AE43:AY43) -> 2 | J43: =VLOOKUP(D43,DNIT_CONSUL!$A$4:$D$120,4,FALSE) -> 2920.29 | K43: =TRUNC(I43*J43,2) -> 5840.58 | L43: =TRUNC(K43*$L$8,2) -> 4908.42 | M43: =TRUNC((K43+L43)*$M$8,2) -> 2149.8 | N43: =TRUNC((K43+L43+M43)*$N$8,2) -> 1547.85 | O43: =TRUNC((K43+L43+M43+N43)*$O$8,2) -> 2401.03 | P43: =SUM(K43:O43) -> 16847.68 | AM43: =ROUND(F43*(G43/8*H43/30),2) -> 2
B44: Veiculo | C44: Veículo Leve - Tipo Hatch - (sem motorista) | D44: E8889 | E44: ud | F44: =(F40+F42) -> 2 | H44: 30 | I44: =SUM(AE44:AY44) -> 2 | J44: =VLOOKUP(D44,DNIT_CONSUL!$A$4:$D$120,4,FALSE) -> 2926.2 | K44: =TRUNC(I44*J44,2) -> 5852.4 | N44: =TRUNC((K44+L44+M44)*$N$8,2) -> 702.28 | O44: =TRUNC((K44+L44+M44+N44)*$O$8,2) -> 1089.38 | P44: =SUM(K44:O44) -> 7644.06 | AT44: =ROUND(F44*H44/30,2) -> 2
B45: Serviços Gráficos | C45: Impressão A4 | D45: GA4 | E45: ud | F45: 1 | H45: 15 | I45: =SUM(AE45:AY45) -> 0.5 | J45: =VLOOKUP(D45,DNIT_CONSUL!$A$4:$D$120,4,FALSE) -> 800 | K45: =TRUNC(I45*J45,2) -> 400 | N45: =TRUNC((K45+L45+M45)*$N$8,2) -> 48 | O45: =TRUNC((K45+L45+M45+N45)*$O$8,2) -> 74.45 | P45: =SUM(K45:O45) -> 522.45 | AX45: =ROUND(F45*H45/30,2) -> 0.5
A46: P6 | B46: P6 - Projetos Básicos - Parte 3: Orçamento e Cronograma Físico | W46: D1 | X46: D2 | Y46: D3
B47: Equipe Técnica | C47: Engenheiro Profissional Pleno (P2) | D47: P8066 | E47: homem/mês | F47: 1 | G47: 2 | H47: 30 | I47: =SUM(AE47:AY47) -> 0.25 | J47: =VLOOKUP(D47,DNIT_CONSUL!$A$4:$D$120,4,FALSE) -> 13163.74 | K47: =TRUNC(I47*J47,2) -> 3290.93 | L47: =TRUNC(K47*$L$8,2) -> 2765.69 | M47: =TRUNC((K47+L47)*$M$8,2) -> 1211.32 | N47: =TRUNC((K47+L47+M47)*$N$8,2) -> 872.15 | O47: =TRUNC((K47+L47+M47+N47)*$O$8,2) -> 1352.88 | P47: =SUM(K47:O47) -> 9492.97 | Q47: =SUM(P47:P49) -> 13388.16 | R47: =ROUND(Q47/$Q$9,8) -> 0.01309626 | AH47: =ROUND(F47*(G47/8*H47/30),2) -> 0.25
C48: Técnico Pleno (T2) | D48: P8155 | E48: homem/mês | F48: 1 | G48: 4 | H48: 30 | I48: =SUM(AE48:AY48) -> 0.45 | J48: =VLOOKUP(D48,DNIT_CONSUL!$A$4:$D$120,4,FALSE) -> 2920.29 | K48: =TRUNC(I48*J48,2) -> 1314.13 | L48: =TRUNC(K48*$L$8,2) -> 1104.39 | M48: =TRUNC((K48+L48)*$M$8,2) -> 483.7 | N48: =TRUNC((K48+L48+M48)*$N$8,2) -> 348.26 | O48: =TRUNC((K48+L48+M48+N48)*$O$8,2) -> 540.22 | P48: =SUM(K48:O48) -> 3790.7 | AM48: 0.45
B49: Serviços Gráficos | C49: Impressão A4 | D49: GA4 | E49: ud | F49: 0.1 | H49: 30 | I49: =SUM(AE49:AY49) -> 0.1 | J49: =VLOOKUP(D49,DNIT_CONSUL!$A$4:$D$120,4,FALSE) -> 800 | K49: =TRUNC(I49*J49,2) -> 80 | N49: =TRUNC((K49+L49+M49)*$N$8,2) -> 9.6 | O49: =TRUNC((K49+L49+M49+N49)*$O$8,2) -> 14.89 | P49: =SUM(K49:O49) -> 104.49 | AX49: =ROUND(F49*H49/30,2) -> 0.1
A50: P7 | B50: P7 - Projetos Básicos - Parte 4: Desapropriações | W50: D1 | X50: D2 | Y50: D3
B51: Equipe Técnica | C51: Engenheiro Profissional Pleno (P2) | D51: P8066 | E51: homem/mês | F51: 1 | G51: 2 | H51: 30 | I51: =SUM(AE51:AY51) -> 0.25 | J51: =VLOOKUP(D51,DNIT_CONSUL!$A$4:$D$120,4,FALSE) -> 13163.74 | K51: =TRUNC(I51*J51,2) -> 3290.93 | L51: =TRUNC(K51*$L$8,2) -> 2765.69 | M51: =TRUNC((K51+L51)*$M$8,2) -> 1211.32 | N51: =TRUNC((K51+L51+M51)*$N$8,2) -> 872.15 | O51: =TRUNC((K51+L51+M51+N51)*$O$8,2) -> 1352.88 | P51: =SUM(K51:O51) -> 9492.97 | Q51: =SUM(P51:P53) -> 13388.16 | R51: =ROUND(Q51/$Q$9,8) -> 0.01309626 | AH51: =ROUND(F51*(G51/8*H51/30),2) -> 0.25
C52: Técnico Pleno (T2) | D52: P8155 | E52: homem/mês | F52: 1 | G52: 4 | H52: 30 | I52: =SUM(AE52:AY52) -> 0.45 | J52: =VLOOKUP(D52,DNIT_CONSUL!$A$4:$D$120,4,FALSE) -> 2920.29 | K52: =TRUNC(I52*J52,2) -> 1314.13 | L52: =TRUNC(K52*$L$8,2) -> 1104.39 | M52: =TRUNC((K52+L52)*$M$8,2) -> 483.7 | N52: =TRUNC((K52+L52+M52)*$N$8,2) -> 348.26 | O52: =TRUNC((K52+L52+M52+N52)*$O$8,2) -> 540.22 | P52: =SUM(K52:O52) -> 3790.7 | AM52: 0.45
B53: Serviços Gráficos | C53: Impressão A4 | D53: GA4 | E53: ud | F53: 0.1 | H53: 30 | I53: =SUM(AE53:AY53) -> 0.1 | J53: =VLOOKUP(D53,DNIT_CONSUL!$A$4:$D$120,4,FALSE) -> 800 | K53: =TRUNC(I53*J53,2) -> 80 | N53: =TRUNC((K53+L53+M53)*$N$8,2) -> 9.6 | O53: =TRUNC((K53+L53+M53+N53)*$O$8,2) -> 14.89 | P53: =SUM(K53:O53) -> 104.49 | AX53: =ROUND(F53*H53/30,2) -> 0.1
A54: P8 | B54: P8 - Projetos Básicos - Parte 5: Componente Ambiental | W54: D1 | X54: D2 | Y54: D3
B55: Equipe Técnica | C55: Engenheiro Profissional Pleno (P2) | D55: P8066 | E55: homem/mês | F55: 1 | G55: 2 | H55: 30 | I55: =SUM(AE55:AY55) -> 0.25 | J55: =VLOOKUP(D55,DNIT_CONSUL!$A$4:$D$120,4,FALSE) -> 13163.74 | K55: =TRUNC(I55*J55,2) -> 3290.93 | L55: =TRUNC(K55*$L$8,2) -> 2765.69 | M55: =TRUNC((K55+L55)*$M$8,2) -> 1211.32 | N55: =TRUNC((K55+L55+M55)*$N$8,2) -> 872.15 | O55: =TRUNC((K55+L55+M55+N55)*$O$8,2) -> 1352.88 | P55: =SUM(K55:O55) -> 9492.97 | Q55: =SUM(P55:P57) -> 13388.16 | R55: =ROUND(Q55/$Q$9,8) -> 0.01309626 | AH55: =ROUND(F55*(G55/8*H55/30),2) -> 0.25
C56: Técnico Pleno (T2) | D56: P8155 | E56: homem/mês | F56: 1 | G56: 4 | H56: 30 | I56: =SUM(AE56:AY56) -> 0.45 | J56: =VLOOKUP(D56,DNIT_CONSUL!$A$4:$D$120,4,FALSE) -> 2920.29 | K56: =TRUNC(I56*J56,2) -> 1314.13 | L56: =TRUNC(K56*$L$8,2) -> 1104.39 | M56: =TRUNC((K56+L56)*$M$8,2) -> 483.7 | N56: =TRUNC((K56+L56+M56)*$N$8,2) -> 348.26 | O56: =TRUNC((K56+L56+M56+N56)*$O$8,2) -> 540.22 | P56: =SUM(K56:O56) -> 3790.7 | AM56: 0.45
B57: Serviços Gráficos | C57: Impressão A4 | D57: GA4 | E57: ud | F57: 0.1 | H57: 30 | I57: =SUM(AE57:AY57) -> 0.1 | J57: =VLOOKUP(D57,DNIT_CONSUL!$A$4:$D$120,4,FALSE) -> 800 | K57: =TRUNC(I57*J57,2) -> 80 | N57: =TRUNC((K57+L57+M57)*$N$8,2) -> 9.6 | O57: =TRUNC((K57+L57+M57+N57)*$O$8,2) -> 14.89 | P57: =SUM(K57:O57) -> 104.49 | AX57: =ROUND(F57*H57/30,2) -> 0.1
A58: P9 | B58: P9 - Projetos Básicos - Parte 6: Levantamento de Campo (Topografia, Geotecnia) e Análise Físico-Química) | T58: D1 | U58: D2 | V58: D3
B59: Equipe Técnica | C59: Engenheiro ou Tecnologo em Geoprocessamento ou Cartografia (P3) | D59: P8065 | E59: homem/mês | F59: 1 | G59: 4 | H59: 60 | I59: =SUM(AE59:AY59) -> 1 | J59: =VLOOKUP(D59,DNIT_CONSUL!$A$4:$D$120,4,FALSE) -> 12903 | K59: =TRUNC(I59*J59,2) -> 12903 | L59: =TRUNC(K59*$L$8,2) -> 10843.68 | M59: =TRUNC((K59+L59)*$M$8,2) -> 4749.33 | N59: =TRUNC((K59+L59+M59)*$N$8,2) -> 3419.52 | O59: =TRUNC((K59+L59+M59+N59)*$O$8,2) -> 5304.36 | P59: =SUM(K59:O59) -> 37219.89 | Q59: =SUM(P59:P72) -> 221414.58 | R59: =ROUND(Q59/$Q$9,8) -> 0.21658706 | AM59: =ROUND(F59*(G59/8*H59/30),2) -> 1
C60: Técnico Especial (T0) -Topografo Chefe | D60: P8147 | E60: homem/mês | F60: 1 | G60: 4 | H60: =$H$59 -> 60 | I60: =SUM(AE60:AY60) -> 1 | J60: =VLOOKUP(D60,DNIT_CONSUL!$A$4:$D$120,4,FALSE) -> 3242.89 | K60: =TRUNC(I60*J60,2) -> 3242.89 | L60: =TRUNC(K60*$L$8,2) -> 2725.32 | M60: =TRUNC((K60+L60)*$M$8,2) -> 1193.64 | N60: =TRUNC((K60+L60+M60)*$N$8,2) -> 859.42 | O60: =TRUNC((K60+L60+M60+N60)*$O$8,2) -> 1333.13 | P60: =SUM(K60:O60) -> 9354.4 | AK60: =ROUND(F60*(G60/8*H60/30),2) -> 1
C61: Técnico Pleno (T2) - Topografo Campo | D61: P8163 | E61: homem/mês | F61: =F60*2 -> 2 | G61: 8 | H61: =$H$59 -> 60 | I61: =SUM(AE61:AY61) -> 3 | J61: =VLOOKUP(D61,DNIT_CONSUL!$A$4:$D$120,4,FALSE) -> 2516.19 | K61: =TRUNC(I61*J61,2) -> 7548.57 | L61: =TRUNC(K61*$L$8,2) -> 6343.81 | M61: =TRUNC((K61+L61)*$M$8,2) -> 2778.47 | N61: =TRUNC((K61+L61+M61)*$N$8,2) -> 2000.5 | O61: =TRUNC((K61+L61+M61+N61)*$O$8,2) -> 3103.17 | P61: =SUM(K61:O61) -> 21774.52 | AL61: 3
C62: Auxiliar de Topografia | D62: P8028 | E62: homem/mês | F62: =F61*2 -> 4 | G62: 8 | H62: =$H$59 -> 60 | I62: =SUM(AE62:AY62) -> 8 | J62: =VLOOKUP(D62,DNIT_CONSUL!$A$4:$D$120,4,FALSE) -> 1639.47 | K62: =TRUNC(I62*J62,2) -> 13115.76 | L62: =TRUNC(K62*$L$8,2) -> 11022.48 | M62: =TRUNC((K62+L62)*$M$8,2) -> 4827.64 | N62: =TRUNC((K62+L62+M62)*$N$8,2) -> 3475.9 | O62: =TRUNC((K62+L62+M62+N62)*$O$8,2) -> 5391.82 | P62: =SUM(K62:O62) -> 37833.6 | AP62: =ROUND(F62*(G62/8*H62/30),2) -> 8
C63: Laboratorista (Solos) | D63: P8098 | E63: homem/mês | F63: 1 | G63: 8 | H63: 30 | I63: =SUM(AE63:AY63) -> 1 | J63: =VLOOKUP(D63,DNIT_CONSUL!$A$4:$D$120,4,FALSE) -> 2413.91 | K63: =TRUNC(I63*J63,2) -> 2413.91 | L63: =TRUNC(K63*$L$8,2) -> 2028.64 | M63: =TRUNC((K63+L63)*$M$8,2) -> 888.51 | N63: =TRUNC((K63+L63+M63)*$N$8,2) -> 639.72 | O63: =TRUNC((K63+L63+M63+N63)*$O$8,2) -> 992.34 | P63: =SUM(K63:O63) -> 6963.12 | AN63: =ROUND(F63*(G63/8*H63/30),2) -> 1
C64: Auxiliar de Laboratorio (Solos) | D64: P8027 | E64: homem/mês | F64: =F63*3 -> 3 | G64: 8 | H64: 30 | I64: =SUM(AE64:AY64) -> 3 | J64: =VLOOKUP(D64,DNIT_CONSUL!$A$4:$D$120,4,FALSE) -> 1810.44 | K64: =TRUNC(I64*J64,2) -> 5431.32 | L64: =TRUNC(K64*$L$8,2) -> 4564.48 | M64: =TRUNC((K64+L64)*$M$8,2) -> 1999.16 | N64: =TRUNC((K64+L64+M64)*$N$8,2) -> 1439.39 | O64: =TRUNC((K64+L64+M64+N64)*$O$8,2) -> 2232.78 | P64: =SUM(K64:O64) -> 15667.13 | AS64: =ROUND(F64*(G64/8*H64/30),2) -> 3
C65: Laboratorista (SPT) | D65: P8098 | E65: homem/mês | F65: 1 | G65: 8 | H65: 30 | I65: =SUM(AE65:AY65) -> 1 | J65: =VLOOKUP(D65,DNIT_CONSUL!$A$4:$D$120,4,FALSE) -> 2413.91 | K65: =TRUNC(I65*J65,2) -> 2413.91 | L65: =TRUNC(K65*$L$8,2) -> 2028.64 | M65: =TRUNC((K65+L65)*$M$8,2) -> 888.51 | N65: =TRUNC((K65+L65+M65)*$N$8,2) -> 639.72 | O65: =TRUNC((K65+L65+M65+N65)*$O$8,2) -> 992.34 | P65: =SUM(K65:O65) -> 6963.12 | AN65: =ROUND(F65*(G65/8*H65/30),2) -> 1
C66: Auxiliar de Laboratorio (SPT) | D66: P8027 | E66: homem/mês | F66: =F65*3 -> 3 | G66: 8 | H66: 30 | I66: =SUM(AE66:AY66) -> 3 | J66: =VLOOKUP(D66,DNIT_CONSUL!$A$4:$D$120,4,FALSE) -> 1810.44 | K66: =TRUNC(I66*J66,2) -> 5431.32 | L66: =TRUNC(K66*$L$8,2) -> 4564.48 | M66: =TRUNC((K66+L66)*$M$8,2) -> 1999.16 | N66: =TRUNC((K66+L66+M66)*$N$8,2) -> 1439.39 | O66: =TRUNC((K66+L66+M66+N66)*$O$8,2) -> 2232.78 | P66: =SUM(K66:O66) -> 15667.13 | AS66: =ROUND(F66*(G66/8*H66/30),2) -> 3
B67: Equipamentos de Topografia | C67: Cesta das Instalações de Topografia | D67: B8958 | E67: ud | F67: =F61 -> 2 | H67: =$H$59 -> 60 | I67: =SUM(AE67:AY67) -> 4 | J67: =VLOOKUP(D67,DNIT_CONSUL!$A$4:$D$120,4,FALSE) -> 4674.4 | K67: =TRUNC(I67*J67,2) -> 18697.6 | N67: =TRUNC((K67+L67+M67)*$N$8,2) -> 2243.71 | O67: =TRUNC((K67+L67+M67+N67)*$O$8,2) -> 3480.44 | P67: =SUM(K67:O67) -> 24421.75 | AW67: =ROUND(F67*H67/30,2) -> 4
B68: Equipamentos de Sondagem (Solos) | C68: Cesta das Instalações de Laboratório de Solos | D68: B8957 | E68: ud | F68: =F63 -> 1 | H68: 30 | I68: =SUM(AE68:AY68) -> 1 | J68: =VLOOKUP(D68,DNIT_CONSUL!$A$4:$D$120,4,FALSE) -> 3458.86 | K68: =TRUNC(I68*J68,2) -> 3458.86 | N68: =TRUNC((K68+L68+M68)*$N$8,2) -> 415.06 | O68: =TRUNC((K68+L68+M68+N68)*$O$8,2) -> 643.84 | P68: =SUM(K68:O68) -> 4517.76 | AV68: =ROUND(F68*H68/30,2) -> 1
B69: Equipamentos de Sondagem (SPT) | C69: Cesta das Instalações de Laboratório de SPT | D69: B8957 | E69: ud | F69: =F65 -> 1 | H69: 30 | I69: =SUM(AE69:AY69) -> 1 | J69: =VLOOKUP(D69,DNIT_CONSUL!$A$4:$D$120,4,FALSE) -> 3458.86 | K69: =TRUNC(I69*J69,2) -> 3458.86 | N69: =TRUNC((K69+L69+M69)*$N$8,2) -> 415.06 | O69: =TRUNC((K69+L69+M69+N69)*$O$8,2) -> 643.84 | P69: =SUM(K69:O69) -> 4517.76 | AV69: =ROUND(F69*H69/30,2) -> 1
B70: Veiculo | C70: Veículo Leve - Tipo Hatch - (sem motorista) | D70: E8889 | E70: ud | F70: =F67+F60 -> 3 | H70: =$H$59 -> 60 | I70: =SUM(AE70:AY70) -> 4 | J70: =VLOOKUP(D70,DNIT_CONSUL!$A$4:$D$120,4,FALSE) -> 2926.2 | K70: =TRUNC(I70*J70,2) -> 11704.8 | N70: =TRUNC((K70+L70+M70)*$N$8,2) -> 1404.57 | O70: =TRUNC((K70+L70+M70+N70)*$O$8,2) -> 2178.77 | P70: =SUM(K70:O70) -> 15288.14 | AT70: 4
B71: Veiculo Pick-Up | C71: Veículo Leve Pick Up 4x4 - 147 kw (sem motorista) | D71: E8891 | E71: ud | F71: =F69+F68 -> 2 | H71: 30 | I71: =SUM(AE71:AY71) -> 2 | J71: =VLOOKUP(D71,DNIT_CONSUL!$A$4:$D$120,4,FALSE) -> 7375.55 | K71: =TRUNC(I71*J71,2) -> 14751.1 | N71: =TRUNC((K71+L71+M71)*$N$8,2) -> 1770.13 | O71: =TRUNC((K71+L71+M71+N71)*$O$8,2) -> 2745.82 | P71: =SUM(K71:O71) -> 19267.05 | AU71: =ROUND(F71*H71/30,2) -> 2
B72: Serviços Gráficos | C72: Impressão A4 | D72: GA3 | E72: ud | F72: 1 | H72: 30 | I72: =SUM(AE72:AY72) -> 1 | J72: =VLOOKUP(D72,DNIT_CONSUL!$A$4:$D$120,4,FALSE) -> 1500 | K72: =TRUNC(I72*J72,2) -> 1500 | N72: =TRUNC((K72+L72+M72)*$N$8,2) -> 180 | O72: =TRUNC((K72+L72+M72+N72)*$O$8,2) -> 279.21 | P72: =SUM(K72:O72) -> 1959.21 | AX72: =ROUND(F72*H72/30,2) -> 1
A73: P10 | B73: P10 - Projetos Executivos - Produto Final 1 - Detalhamento | Y73: D1 | Z73: D2 | AA73: D3
B74: Coordenação Geral | C74: Engenheiro Coordenador (P0) | D74: P8061 | E74: homem/mês | F74: 1 | G74: 1 | H74: 30 | I74: =SUM(AE74:AY74) -> 0.1 | J74: =VLOOKUP(D74,DNIT_CONSUL!$A$4:$D$120,4,FALSE) -> 18662.99 | K74: =TRUNC(I74*J74,2) -> 1866.29 | L74: =TRUNC(K74*$L$8,2) -> 1568.43 | M74: =TRUNC((K74+L74)*$M$8,2) -> 686.94 | N74: =TRUNC((K74+L74+M74)*$N$8,2) -> 494.59 | O74: =TRUNC((K74+L74+M74+N74)*$O$8,2) -> 767.22 | P74: =SUM(K74:O74) -> 5383.47 | Q74: =SUM(P74:P80) -> 96954.84 | R74: =ROUND(Q74/$Q$9,8) -> 0.09484092 | AF74: 0.1
B75: Coordenação Técnica | C75: Engenheiro Profissional Senior (P1) | D75: P8067 | E75: homem/mês | F75: =F74 -> 1 | G75: 2 | H75: =$H$31 -> 30 | I75: =SUM(AE75:AY75) -> 0.25 | J75: =VLOOKUP(D75,DNIT_CONSUL!$A$4:$D$120,4,FALSE) -> 16396.56 | K75: =TRUNC(I75*J75,2) -> 4099.14 | L75: =TRUNC(K75*$L$8,2) -> 3444.91 | M75: =TRUNC((K75+L75)*$M$8,2) -> 1508.81 | N75: =TRUNC((K75+L75+M75)*$N$8,2) -> 1086.34 | O75: =TRUNC((K75+L75+M75+N75)*$O$8,2) -> 1685.13 | P75: =SUM(K75:O75) -> 11824.33 | AG75: =ROUND(F75*(G75/8*H75/30),2) -> 0.25
C76: Engenheiro Profissional Pleno (P2) | D76: P8066 | E76: homem/mês | F76: =F74 -> 1 | G76: =$G$13 -> 4 | H76: =$H$31 -> 30 | I76: =SUM(AE76:AY76) -> 0.45 | J76: =VLOOKUP(D76,DNIT_CONSUL!$A$4:$D$120,4,FALSE) -> 13163.74 | K76: =TRUNC(I76*J76,2) -> 5923.68 | L76: =TRUNC(K76*$L$8,2) -> 4978.26 | M76: =TRUNC((K76+L76)*$M$8,2) -> 2180.38 | N76: =TRUNC((K76+L76+M76)*$N$8,2) -> 1569.87 | O76: =TRUNC((K76+L76+M76+N76)*$O$8,2) -> 2435.19 | P76: =SUM(K76:O76) -> 17087.38 | AH76: 0.45
B77: Equipe Técnica | C77: Engenheiro Profissional Pleno (P2) | D77: P8066 | E77: homem/mês | F77: 1 | G77: 8 | H77: =$H$31 -> 30 | I77: =SUM(AE77:AY77) -> 1 | J77: =VLOOKUP(D77,DNIT_CONSUL!$A$4:$D$120,4,FALSE) -> 13163.74 | K77: =TRUNC(I77*J77,2) -> 13163.74 | L77: =TRUNC(K77*$L$8,2) -> 11062.8 | M77: =TRUNC((K77+L77)*$M$8,2) -> 4845.3 | N77: =TRUNC((K77+L77+M77)*$N$8,2) -> 3488.62 | O77: =TRUNC((K77+L77+M77+N77)*$O$8,2) -> 5411.54 | P77: =SUM(K77:O77) -> 37972 | AH77: =ROUND(F77*(G77/8*H77/30),2) -> 1
C78: Técnico Pleno (T2) | D78: P8155 | E78: homem/mês | F78: =F77*2 -> 2 | G78: 8 | H78: =$H$31 -> 30 | I78: =SUM(AE78:AY78) -> 2 | J78: =VLOOKUP(D78,DNIT_CONSUL!$A$4:$D$120,4,FALSE) -> 2920.29 | K78: =TRUNC(I78*J78,2) -> 5840.58 | L78: =TRUNC(K78*$L$8,2) -> 4908.42 | M78: =TRUNC((K78+L78)*$M$8,2) -> 2149.8 | N78: =TRUNC((K78+L78+M78)*$N$8,2) -> 1547.85 | O78: =TRUNC((K78+L78+M78+N78)*$O$8,2) -> 2401.03 | P78: =SUM(K78:O78) -> 16847.68 | AM78: =ROUND(F78*(G78/8*H78/30),2) -> 2
B79: Veiculo | C79: Veículo Leve - Tipo Hatch - (sem motorista) | D79: E8889 | E79: ud | F79: =(F77+F75) -> 2 | H79: =$H$31 -> 30 | I79: =SUM(AE79:AY79) -> 2 | J79: =VLOOKUP(D79,DNIT_CONSUL!$A$4:$D$120,4,FALSE) -> 2926.2 | K79: =TRUNC(I79*J79,2) -> 5852.4 | N79: =TRUNC((K79+L79+M79)*$N$8,2) -> 702.28 | O79: =TRUNC((K79+L79+M79+N79)*$O$8,2) -> 1089.38 | P79: =SUM(K79:O79) -> 7644.06 | AT79: =ROUND(F79*H79/30,2) -> 2
B80: Serviços Gráficos | C80: Impressão A4 | D80: GA3 | E80: ud | F80: 0.1 | H80: 30 | I80: =SUM(AE80:AY80) -> 0.1 | J80: =VLOOKUP(D80,DNIT_CONSUL!$A$4:$D$120,4,FALSE) -> 1500 | K80: =TRUNC(I80*J80,2) -> 150 | N80: =TRUNC((K80+L80+M80)*$N$8,2) -> 18 | O80: =TRUNC((K80+L80+M80+N80)*$O$8,2) -> 27.92 | P80: =SUM(K80:O80) -> 195.92 | AX80: =ROUND(F80*H80/30,2) -> 0.1
A81: P11 | B81: P11 - Projetos Executivos - Produto Final 2 - Projeto de Estruturas e Fundações | Z81: D1 | AA81: D2 | AB81: D3
B82: Equipe Técnica | C82: Engenheiro Profissional Pleno (P2) | D82: P8066 | E82: homem/mês | F82: 1 | G82: 4 | H82: 30 | I82: =SUM(AE82:AY82) -> 0.45 | J82: =VLOOKUP(D82,DNIT_CONSUL!$A$4:$D$120,4,FALSE) -> 13163.74 | K82: =TRUNC(I82*J82,2) -> 5923.68 | L82: =TRUNC(K82*$L$8,2) -> 4978.26 | M82: =TRUNC((K82+L82)*$M$8,2) -> 2180.38 | N82: =TRUNC((K82+L82+M82)*$N$8,2) -> 1569.87 | O82: =TRUNC((K82+L82+M82+N82)*$O$8,2) -> 2435.19 | P82: =SUM(K82:O82) -> 17087.38 | Q82: =SUM(P82:P84) -> 25707.13 | R82: =ROUND(Q82/$Q$9,8) -> 0.02514663 | AH82: 0.45
C83: Técnico Pleno (T2) | D83: P8155 | E83: homem/mês | F83: 1 | G83: 8 | H83: 30 | I83: =SUM(AE83:AY83) -> 1 | J83: =VLOOKUP(D83,DNIT_CONSUL!$A$4:$D$120,4,FALSE) -> 2920.29 | K83: =TRUNC(I83*J83,2) -> 2920.29 | L83: =TRUNC(K83*$L$8,2) -> 2454.21 | M83: =TRUNC((K83+L83)*$M$8,2) -> 1074.9 | N83: =TRUNC((K83+L83+M83)*$N$8,2) -> 773.92 | O83: =TRUNC((K83+L83+M83+N83)*$O$8,2) -> 1200.51 | P83: =SUM(K83:O83) -> 8423.83 | AM83: =ROUND(F83*(G83/8*H83/30),2) -> 1
B84: Serviços Gráficos | C84: Impressão A4 | D84: GA3 | E84: ud | F84: 0.1 | H84: 30 | I84: =SUM(AE84:AY84) -> 0.1 | J84: =VLOOKUP(D84,DNIT_CONSUL!$A$4:$D$120,4,FALSE) -> 1500 | K84: =TRUNC(I84*J84,2) -> 150 | N84: =TRUNC((K84+L84+M84)*$N$8,2) -> 18 | O84: =TRUNC((K84+L84+M84+N84)*$O$8,2) -> 27.92 | P84: =SUM(K84:O84) -> 195.92 | AX84: =ROUND(F84*H84/30,2) -> 0.1
A85: P12 | B85: P12 - Projetos Executivos - Produto Final 3 - Projeto Elétrico | AA85: D1 | AB85: D2 | AC85: D3
B86: Equipe Técnica | C86: Engenheiro Profissional Pleno (P2) | D86: P8066 | E86: homem/mês | F86: 1 | G86: 4 | H86: 30 | I86: =SUM(AE86:AY86) -> 0.45 | J86: =VLOOKUP(D86,DNIT_CONSUL!$A$4:$D$120,4,FALSE) -> 13163.74 | K86: =TRUNC(I86*J86,2) -> 5923.68 | L86: =TRUNC(K86*$L$8,2) -> 4978.26 | M86: =TRUNC((K86+L86)*$M$8,2) -> 2180.38 | N86: =TRUNC((K86+L86+M86)*$N$8,2) -> 1569.87 | O86: =TRUNC((K86+L86+M86+N86)*$O$8,2) -> 2435.19 | P86: =SUM(K86:O86) -> 17087.38 | Q86: =SUM(P86:P88) -> 25707.13 | R86: =ROUND(Q86/$Q$9,8) -> 0.02514663 | AH86: 0.45
C87: Técnico Pleno (T2) | D87: P8155 | E87: homem/mês | F87: 1 | G87: 8 | H87: 30 | I87: =SUM(AE87:AY87) -> 1 | J87: =VLOOKUP(D87,DNIT_CONSUL!$A$4:$D$120,4,FALSE) -> 2920.29 | K87: =TRUNC(I87*J87,2) -> 2920.29 | L87: =TRUNC(K87*$L$8,2) -> 2454.21 | M87: =TRUNC((K87+L87)*$M$8,2) -> 1074.9 | N87: =TRUNC((K87+L87+M87)*$N$8,2) -> 773.92 | O87: =TRUNC((K87+L87+M87+N87)*$O$8,2) -> 1200.51 | P87: =SUM(K87:O87) -> 8423.83 | AM87: =ROUND(F87*(G87/8*H87/30),2) -> 1
B88: Serviços Gráficos | C88: Impressão A4 | D88: GA3 | E88: ud | F88: 0.1 | H88: 30 | I88: =SUM(AE88:AY88) -> 0.1 | J88: =VLOOKUP(D88,DNIT_CONSUL!$A$4:$D$120,4,FALSE) -> 1500 | K88: =TRUNC(I88*J88,2) -> 150 | N88: =TRUNC((K88+L88+M88)*$N$8,2) -> 18 | O88: =TRUNC((K88+L88+M88+N88)*$O$8,2) -> 27.92 | P88: =SUM(K88:O88) -> 195.92 | AX88: =ROUND(F88*H88/30,2) -> 0.1
A89: P13 | B89: P13 - Projetos Executivos - Produto Final 4 - Projeto de Automação. Medição e Instrumentação | AA89: D1 | AB89: D2 | AC89: D3
B90: Equipe Técnica | C90: Engenheiro Profissional Pleno (P2) | D90: P8066 | E90: homem/mês | F90: 1 | G90: 4 | H90: 30 | I90: =SUM(AE90:AY90) -> 0.45 | J90: =VLOOKUP(D90,DNIT_CONSUL!$A$4:$D$120,4,FALSE) -> 13163.74 | K90: =TRUNC(I90*J90,2) -> 5923.68 | L90: =TRUNC(K90*$L$8,2) -> 4978.26 | M90: =TRUNC((K90+L90)*$M$8,2) -> 2180.38 | N90: =TRUNC((K90+L90+M90)*$N$8,2) -> 1569.87 | O90: =TRUNC((K90+L90+M90+N90)*$O$8,2) -> 2435.19 | P90: =SUM(K90:O90) -> 17087.38 | Q90: =SUM(P90:P92) -> 25707.13 | R90: =ROUND(Q90/$Q$9,8) -> 0.02514663 | AH90: 0.45
C91: Técnico Pleno (T2) | D91: P8155 | E91: homem/mês | F91: 1 | G91: 8 | H91: 30 | I91: =SUM(AE91:AY91) -> 1 | J91: =VLOOKUP(D91,DNIT_CONSUL!$A$4:$D$120,4,FALSE) -> 2920.29 | K91: =TRUNC(I91*J91,2) -> 2920.29 | L91: =TRUNC(K91*$L$8,2) -> 2454.21 | M91: =TRUNC((K91+L91)*$M$8,2) -> 1074.9 | N91: =TRUNC((K91+L91+M91)*$N$8,2) -> 773.92 | O91: =TRUNC((K91+L91+M91+N91)*$O$8,2) -> 1200.51 | P91: =SUM(K91:O91) -> 8423.83 | AM91: =ROUND(F91*(G91/8*H91/30),2) -> 1
B92: Serviços Gráficos | C92: Impressão A4 | D92: GA3 | E92: ud | F92: 0.1 | H92: 30 | I92: =SUM(AE92:AY92) -> 0.1 | J92: =VLOOKUP(D92,DNIT_CONSUL!$A$4:$D$120,4,FALSE) -> 1500 | K92: =TRUNC(I92*J92,2) -> 150 | N92: =TRUNC((K92+L92+M92)*$N$8,2) -> 18 | O92: =TRUNC((K92+L92+M92+N92)*$O$8,2) -> 27.92 | P92: =SUM(K92:O92) -> 195.92 | AX92: =ROUND(F92*H92/30,2) -> 0.1
A93: P14 | B93: P14 - Projetos Executivos - Produto Final 5 - Projeto de Proteção | AA93: D1 | AB93: D2 | AC93: D3
B94: Equipe Técnica | C94: Engenheiro Profissional Pleno (P2) | D94: P8066 | E94: homem/mês | F94: 1 | G94: 2 | H94: 30 | I94: =SUM(AE94:AY94) -> 0.25 | J94: =VLOOKUP(D94,DNIT_CONSUL!$A$4:$D$120,4,FALSE) -> 13163.74 | K94: =TRUNC(I94*J94,2) -> 3290.93 | L94: =TRUNC(K94*$L$8,2) -> 2765.69 | M94: =TRUNC((K94+L94)*$M$8,2) -> 1211.32 | N94: =TRUNC((K94+L94+M94)*$N$8,2) -> 872.15 | O94: =TRUNC((K94+L94+M94+N94)*$O$8,2) -> 1352.88 | P94: =SUM(K94:O94) -> 9492.97 | Q94: =SUM(P94:P96) -> 18112.72 | R94: =ROUND(Q94/$Q$9,8) -> 0.01771781 | AH94: =ROUND(F94*(G94/8*H94/30),2) -> 0.25
C95: Técnico Pleno (T2) | D95: P8155 | E95: homem/mês | F95: 1 | G95: 8 | H95: 30 | I95: =SUM(AE95:AY95) -> 1 | J95: =VLOOKUP(D95,DNIT_CONSUL!$A$4:$D$120,4,FALSE) -> 2920.29 | K95: =TRUNC(I95*J95,2) -> 2920.29 | L95: =TRUNC(K95*$L$8,2) -> 2454.21 | M95: =TRUNC((K95+L95)*$M$8,2) -> 1074.9 | N95: =TRUNC((K95+L95+M95)*$N$8,2) -> 773.92 | O95: =TRUNC((K95+L95+M95+N95)*$O$8,2) -> 1200.51 | P95: =SUM(K95:O95) -> 8423.83 | AM95: =ROUND(F95*(G95/8*H95/30),2) -> 1
B96: Serviços Gráficos | C96: Impressão A4 | D96: GA3 | E96: ud | F96: 0.1 | H96: 30 | I96: =SUM(AE96:AY96) -> 0.1 | J96: =VLOOKUP(D96,DNIT_CONSUL!$A$4:$D$120,4,FALSE) -> 1500 | K96: =TRUNC(I96*J96,2) -> 150 | N96: =TRUNC((K96+L96+M96)*$N$8,2) -> 18 | O96: =TRUNC((K96+L96+M96+N96)*$O$8,2) -> 27.92 | P96: =SUM(K96:O96) -> 195.92 | AX96: =ROUND(F96*H96/30,2) -> 0.1
A97: P15 | B97: P15 - Projetos Executivos - Produto Final 6 - Projeto de Terraplenagem, Drenagem e Restauração do Pavimento | AA97: D1 | AB97: D2 | AC97: D3
B98: Equipe Técnica | C98: Engenheiro Profissional Pleno (P2) | D98: P8066 | E98: homem/mês | F98: 3 | G98: 2 | H98: 30 | I98: =SUM(AE98:AY98) -> 0.65 | J98: =VLOOKUP(D98,DNIT_CONSUL!$A$4:$D$120,4,FALSE) -> 13163.74 | K98: =TRUNC(I98*J98,2) -> 8556.43 | L98: =TRUNC(K98*$L$8,2) -> 7190.82 | M98: =TRUNC((K98+L98)*$M$8,2) -> 3149.45 | N98: =TRUNC((K98+L98+M98)*$N$8,2) -> 2267.6 | O98: =TRUNC((K98+L98+M98+N98)*$O$8,2) -> 3517.5 | P98: =SUM(K98:O98) -> 24681.8 | Q98: =SUM(P98:P100) -> 43488.69 | R98: =ROUND(Q98/$Q$9,8) -> 0.0425405 | AH98: 0.65
C99: Técnico Pleno (T2) | D99: P8155 | E99: homem/mês | F99: 3 | G99: 8 | H99: 30 | I99: =SUM(AE99:AY99) -> 2 | J99: =VLOOKUP(D99,DNIT_CONSUL!$A$4:$D$120,4,FALSE) -> 2920.29 | K99: =TRUNC(I99*J99,2) -> 5840.58 | L99: =TRUNC(K99*$L$8,2) -> 4908.42 | M99: =TRUNC((K99+L99)*$M$8,2) -> 2149.8 | N99: =TRUNC((K99+L99+M99)*$N$8,2) -> 1547.85 | O99: =TRUNC((K99+L99+M99+N99)*$O$8,2) -> 2401.03 | P99: =SUM(K99:O99) -> 16847.68 | AM99: 2
B100: Serviços Gráficos | C100: Impressão A4 | D100: GA3 | E100: ud | F100: 1 | H100: 30 | I100: =SUM(AE100:AY100) -> 1 | J100: =VLOOKUP(D100,DNIT_CONSUL!$A$4:$D$120,4,FALSE) -> 1500 | K100: =TRUNC(I100*J100,2) -> 1500 | N100: =TRUNC((K100+L100+M100)*$N$8,2) -> 180 | O100: =TRUNC((K100+L100+M100+N100)*$O$8,2) -> 279.21 | P100: =SUM(K100:O100) -> 1959.21 | AX100: =ROUND(F100*H100/30,2) -> 1
A101: P16 | B101: P16 - Projetos Executivos - Produto Final 7 - Projeto de Instalações Prediais | AA101: D1 | AB101: D2 | AC101: D3
B102: Equipe Técnica | C102: Engenheiro Profissional Pleno (P2) | D102: P8066 | E102: homem/mês | F102: 2 | G102: 2 | H102: 30 | I102: =SUM(AE102:AY102) -> 0.45 | J102: =VLOOKUP(D102,DNIT_CONSUL!$A$4:$D$120,4,FALSE) -> 13163.74 | K102: =TRUNC(I102*J102,2) -> 5923.68 | L102: =TRUNC(K102*$L$8,2) -> 4978.26 | M102: =TRUNC((K102+L102)*$M$8,2) -> 2180.38 | N102: =TRUNC((K102+L102+M102)*$N$8,2) -> 1569.87 | O102: =TRUNC((K102+L102+M102+N102)*$O$8,2) -> 2435.19 | P102: =SUM(K102:O102) -> 17087.38 | Q102: =SUM(P102:P104) -> 34979.97 | R102: =ROUND(Q102/$Q$9,8) -> 0.0342173 | AH102: 0.45
C103: Técnico Pleno (T2) | D103: P8155 | E103: homem/mês | F103: 2 | G103: 8 | H103: 30 | I103: =SUM(AE103:AY103) -> 2 | J103: =VLOOKUP(D103,DNIT_CONSUL!$A$4:$D$120,4,FALSE) -> 2920.29 | K103: =TRUNC(I103*J103,2) -> 5840.58 | L103: =TRUNC(K103*$L$8,2) -> 4908.42 | M103: =TRUNC((K103+L103)*$M$8,2) -> 2149.8 | N103: =TRUNC((K103+L103+M103)*$N$8,2) -> 1547.85 | O103: =TRUNC((K103+L103+M103+N103)*$O$8,2) -> 2401.03 | P103: =SUM(K103:O103) -> 16847.68 | AM103: =ROUND(F103*(G103/8*H103/30),2) -> 2
...

Sheet QUADRO 02
B2: QUADRO 02 | C2: ANEXO D - SERVIÇOS GRÁFICOS
B4: =PLANILHA!A3 -> PROJETO DE REQUALIFICAÇÃO E AMPLIAÇÃO DOS SISTEMAS DE ABASTECIMENTO D'ÁGUA EM DISTRITOS DE AFRANIO/PE | I4: 45658
B8: Tipo de Relatório | C8: Descrição dos Serviços | D8: Tipo | E8: Und. | F8: Valor Unitário (R$) | G8: Quant. | H8: Nº de Vias | I8: Valor Total (R$)
B11: 1.1 | C11: ='QUADRO 01'!B10 -> P1 - Plano de Trabalho para os Estudos de Concepção, Projetos Básicos, Serviços Topográficos e Geotécnicos | D11: ='QUADRO 01'!D17 -> GA4 | E11: und | F11: =VLOOKUP(D11,DNIT_CONSUL!$A$4:$D$120,4,FALSE) -> 800 | G11: 1 | H11: 1 | I11: =ROUND(F11*H11*G11,2) -> 800
B12: 1.2 | C12: ='QUADRO 01'!B18 -> P2 - Estudos de Concepção | D12: ='QUADRO 01'!D25 -> GA4 | E12: und | F12: =VLOOKUP(D12,DNIT_CONSUL!$A$4:$D$120,4,FALSE) -> 800 | G12: 1 | H12: 1 | I12: =ROUND(F12*H12*G12,2) -> 800
B13: 1.3 | C13: ='QUADRO 01'!B26 -> P3 - Estudos Ambientais Preliminares (RAP) | D13: ='QUADRO 01'!D29 -> GA4 | E13: und | F13: =VLOOKUP(D13,DNIT_CONSUL!$A$4:$D$120,4,FALSE) -> 800 | G13: 1 | H13: 1 | I13: =ROUND(F13*H13*G13,2) -> 800
B14: 1.4 | C14: ='QUADRO 01'!B30 -> P4 - Projetos Básicos - Parte 1: Projeto básico do sistema d'água, planta geral do sistema, mananciais / captações, condutos adutoras / subadutoras, estações elevatórias, reservatórios, estações de tratamento, rede de distribuição, ligações domiciliares, desempenho operacional | D14: ='QUADRO 01'!D37 -> GA4 | E14: und | F14: =VLOOKUP(D14,DNIT_CONSUL!$A$4:$D$120,4,FALSE) -> 800 | G14: 1 | H14: 1 | I14: =ROUND(F14*H14*G14,2) -> 800
B15: 1.5 | C15: ='QUADRO 01'!B38 -> P5 - Projetos Básicos - Parte 2 - Outros Projetos: Projeto hidráulico, relação de serviços / materiais / equipamentos / quantitativos, especificações dos serviços / materiais / equipamentos) | D15: ='QUADRO 01'!D45 -> GA4 | E15: und | F15: =VLOOKUP(D15,DNIT_CONSUL!$A$4:$D$120,4,FALSE) -> 800 | G15: 1 | H15: 1 | I15: =ROUND(F15*H15*G15,2) -> 800
B16: 1.6 | C16: ='QUADRO 01'!B46 -> P6 - Projetos Básicos - Parte 3: Orçamento e Cronograma Físico | D16: ='QUADRO 01'!D49 -> GA4 | E16: und | F16: =VLOOKUP(D16,DNIT_CONSUL!$A$4:$D$120,4,FALSE) -> 800 | G16: 1 | H16: 1 | I16: =ROUND(F16*H16*G16,2) -> 800
B17: 1.7 | C17: ='QUADRO 01'!B50 -> P7 - Projetos Básicos - Parte 4: Desapropriações | D17: ='QUADRO 01'!D53 -> GA4 | E17: und | F17: =VLOOKUP(D17,DNIT_CONSUL!$A$4:$D$120,4,FALSE) -> 800 | G17: 1 | H17: 1 | I17: =ROUND(F17*H17*G17,2) -> 800
B18: 1.8 | C18: ='QUADRO 01'!B54 -> P8 - Projetos Básicos - Parte 5: Componente Ambiental | D18: ='QUADRO 01'!D57 -> GA4 | E18: und | F18: =VLOOKUP(D18,DNIT_CONSUL!$A$4:$D$120,4,FALSE) -> 800 | G18: 1 | H18: 1 | I18: =ROUND(F18*H18*G18,2) -> 800
B19: 1.9 | C19: ='QUADRO 01'!B58 -> P9 - Projetos Básicos - Parte 6: Levantamento de Campo (Topografia, Geotecnia) e Análise Físico-Química) | D19: ='QUADRO 01'!D72 -> GA3 | E19: und | F19: =VLOOKUP(D19,DNIT_CONSUL!$A$4:$D$120,4,FALSE) -> 1500 | G19: 1 | H19: 1 | I19: =ROUND(F19*H19*G19,2) -> 1500
B20: 1.10 | C20: ='QUADRO 01'!B73 -> P10 - Projetos Executivos - Produto Final 1 - Detalhamento | D20: ='QUADRO 01'!D80 -> GA3 | E20: und | F20: =VLOOKUP(D20,DNIT_CONSUL!$A$4:$D$120,4,FALSE) -> 1500 | G20: 1 | H20: 1 | I20: =ROUND(F20*H20*G20,2) -> 1500
B21: 1.11 | C21: ='QUADRO 01'!B81 -> P11 - Projetos Executivos - Produto Final 2 - Projeto de Estruturas e Fundações | D21: ='QUADRO 01'!D84 -> GA3 | E21: und | F21: =VLOOKUP(D21,DNIT_CONSUL!$A$4:$D$120,4,FALSE) -> 1500 | G21: 1 | H21: 1 | I21: =ROUND(F21*H21*G21,2) -> 1500
B22: 1.12 | C22: ='QUADRO 01'!B85 -> P12 - Projetos Executivos - Produto Final 3 - Projeto Elétrico | D22: ='QUADRO 01'!D88 -> GA3 | E22: und | F22: =VLOOKUP(D22,DNIT_CONSUL!$A$4:$D$120,4,FALSE) -> 1500 | G22: 1 | H22: 1 | I22: =ROUND(F22*H22*G22,2) -> 1500
B23: 1.13 | C23: ='QUADRO 01'!B89 -> P13 - Projetos Executivos - Produto Final 4 - Projeto de Automação. Medição e Instrumentação | D23: ='QUADRO 01'!D92 -> GA3 | E23: und | F23: =VLOOKUP(D23,DNIT_CONSUL!$A$4:$D$120,4,FALSE) -> 1500 | G23: 1 | H23: 1 | I23: =ROUND(F23*H23*G23,2) -> 1500
B24: 1.14 | C24: ='QUADRO 01'!B93 -> P14 - Projetos Executivos - Produto Final 5 - Projeto de Proteção | D24: ='QUADRO 01'!D96 -> GA3 | E24: und | F24: =VLOOKUP(D24,DNIT_CONSUL!$A$4:$D$120,4,FALSE) -> 1500 | G24: 1 | H24: 1 | I24: =ROUND(F24*H24*G24,2) -> 1500
B25: 1.15 | C25: ='QUADRO 01'!B97 -> P15 - Projetos Executivos - Produto Final 6 - Projeto de Terraplenagem, Drenagem e Restauração do Pavimento | D25: ='QUADRO 01'!D100 -> GA3 | E25: und | F25: =VLOOKUP(D25,DNIT_CONSUL!$A$4:$D$120,4,FALSE) -> 1500 | G25: 1 | H25: 1 | I25: =ROUND(F25*H25*G25,2) -> 1500
B26: 1.16 | C26: ='QUADRO 01'!B101 -> P16 - Projetos Executivos - Produto Final 7 - Projeto de Instalações Prediais | D26: ='QUADRO 01'!D104 -> GA4 | E26: und | F26: =VLOOKUP(D26,DNIT_CONSUL!$A$4:$D$120,4,FALSE) -> 800 | G26: 1 | H26: 1 | I26: =ROUND(F26*H26*G26,2) -> 800
B27: 1.17 | C27: ='QUADRO 01'!B105 -> P17 - Projetos Executivos - Produto Final 8 - Orçamento, Cronograma Físico-Financeiro e Plano de Execução de Obras | D27: ='QUADRO 01'!D108 -> GA4 | E27: und | F27: =VLOOKUP(D27,DNIT_CONSUL!$A$4:$D$120,4,FALSE) -> 800 | G27: 1 | H27: 1 | I27: =ROUND(F27*H27*G27,2) -> 800
B28: 1.18 | C28: ='QUADRO 01'!B109 -> P18 - Projetos Executivos - Produto Final 9 - Manual de Operação e Manutenção | D28: ='QUADRO 01'!D112 -> GA4 | E28: und | F28: =VLOOKUP(D28,DNIT_CONSUL!$A$4:$D$120,4,FALSE) -> 800 | G28: 1 | H28: 1 | I28: =ROUND(F28*H28*G28,2) -> 800
B29: 1.19 | C29: ='QUADRO 01'!B113 -> P19 - Projetos Executivos - Produto Final 10 - Desapropriação | D29: ='QUADRO 01'!D116 -> GA4 | E29: und | F29: =VLOOKUP(D29,DNIT_CONSUL!$A$4:$D$120,4,FALSE) -> 800 | G29: 1 | H29: 1 | I29: =ROUND(F29*H29*G29,2) -> 800
B30: 1.20 | C30: ='QUADRO 01'!B117 -> P20 - Projetos Executivos - Produto Final 11 - Componente Ambiental | D30: ='QUADRO 01'!D120 -> GA4 | E30: und | F30: =VLOOKUP(D30,DNIT_CONSUL!$A$4:$D$120,4,FALSE) -> 800 | G30: 1 | H30: 1 | I30: =ROUND(F30*H30*G30,2) -> 800
B31: 1.21 | C31: ='QUADRO 01'!B121 -> P21 - Projetos Executivos - Produto Final 12 - Relatórios dos Serviços Topográficos, Geotécnicos e Análises Físico-Químicas | D31: ='QUADRO 01'!D124 -> GA4 | E31: und | F31: =VLOOKUP(D31,DNIT_CONSUL!$A$4:$D$120,4,FALSE) -> 800 | G31: 1 | H31: 1 | I31: =ROUND(F31*H31*G31,2) -> 800
B33: TOTAL GERAL | H33: =SUM(H11:H31) -> 21 | I33: =ROUND(SUM(I11:I31),2) -> 21700
B35: RESUMO DOS SERVIÇOS GRÁFICOS | D35: Tipo | E35: Und. | F35: Valor Unitário (R$) | G35: Quant. | H35: Nº de Vias | I35: Valor Total (R$)
B37: 1.1 | C37: Impressão A4 - GA4 | D37: A4 | E37: und | F37: =DNIT_CONSUL!D118 -> 800 | G37: 1 | H37: =H33-H38 -> 14 | I37: =ROUND(G37*H37*F37,2) -> 11200
B38: 1.2 | C38: Impressão A3 - GA3 | D38: A3 | E38: und | F38: =DNIT_CONSUL!D119 -> 1500 | G38: 1 | H38: =H19+H20+H21+H22+H25+H24+H23 -> 7 | I38: =ROUND(G38*H38*F38,2) -> 10500
B39: TOTAL GERAL | H39: =SUM(H37:H38) -> 21 | I39: =SUM(I37:I38) -> 21700

Sheet QUADRO 3
A2: QUADRO 03 | B2: ANEXO E - DESPESAS GERAIS
A4: =PLANILHA!A3:G3 -> PROJETO DE REQUALIFICAÇÃO E AMPLIAÇÃO DOS SISTEMAS DE ABASTECIMENTO D'ÁGUA EM DISTRITOS DE AFRANIO/PE | G4: =PLANILHA!H3 -> 45658
A8: DISCRIMINAÇÃO | D8: UNID. | E8: N. AUTOMÓVEIS/ IMÓVEIS/ MOBILIÁRIOS/ EQUIPAMENTOS | G8: CUSTO UNITÁRIO (R$) | I8: CUSTO TOTAL (R$)
A10: Veículo leve - 53 kW (sem motorista) | B10: #REF! | C10: 0 | D10: mês | E10: ='QUADRO 01'!AT125 -> 12 | G10: =VLOOKUP(J10,DNIT_CONSUL!$A$4:$D$120,4,FALSE) -> 2926.2 | H10: =VLOOKUP(F10,DNIT_CONSUL!$A$4:$D$114,4,FALSE) -> #N/A | I10: =ROUND(E10*G10,2) -> 35114.4 | J10: E8889
A11: Veículo leve picape 4x4 - 147 kW (sem motorista) | D11: mês | E11: ='QUADRO 01'!AU125 -> 2 | G11: =VLOOKUP(J11,DNIT_CONSUL!$A$4:$D$120,4,FALSE) -> 7375.55 | H11: =VLOOKUP(F11,DNIT_CONSUL!$A$4:$D$114,4,FALSE) -> #N/A | I11: =ROUND(E11*G11,2) -> 14751.1 | J11: E8891
A13: Cesta das Instalações de Laboratório (Solos e SPT) | D13: mês | E13: ='QUADRO 01'!AV125 -> 2 | G13: =VLOOKUP(J13,DNIT_CONSUL!$A$4:$D$120,4,FALSE) -> 3458.86 | H13: =VLOOKUP(F13,DNIT_CONSUL!$A$4:$D$114,4,FALSE) -> #N/A | I13: =ROUND(E13*G13,2) -> 6917.72 | J13: B8957
A14: Cesta das Instalações de Topografia | D14: mês | E14: ='QUADRO 01'!AW125 -> 4 | G14: =VLOOKUP(J14,DNIT_CONSUL!$A$4:$D$120,4,FALSE) -> 4674.4 | H14: =VLOOKUP(F14,DNIT_CONSUL!$A$4:$D$114,4,FALSE) -> #N/A | I14: =ROUND(E14*G14,2) -> 18697.6 | J14: B8958
I21: =SUM(I10:I20) -> 75480.82

Sheet QUADRO 4
B2: QUADRO 04 | C2: ANEXO F - REMUNERAÇÃO DA EQUIPE POR SERVIÇO
B3: =PLANILHA!A3 -> PROJETO DE REQUALIFICAÇÃO E AMPLIAÇÃO DOS SISTEMAS DE ABASTECIMENTO D'ÁGUA EM DISTRITOS DE AFRANIO/PE | E3: =PLANILHA!H3 -> 45658
B5: Nível Funcional | C5: Homens x Mês | E5: Global - R$
C6: Quantidade | D6: Salário - R$
B8: P8060 | C8: ='QUADRO 01'!AE125 -> 0 | D8: =VLOOKUP(B8,DNIT_CONSUL!$A$4:$D$114,4,FALSE) -> 22395.59 | E8: =ROUND(C8*D8,2) -> 0
B9: P8061 | C9: ='QUADRO 01'!AF125 -> 0.5 | D9: =VLOOKUP(B9,DNIT_CONSUL!$A$4:$D$114,4,FALSE) -> 18662.99 | E9: =ROUND(C9*D9,2) -> 9331.5
B10: P8067 | C10: ='QUADRO 01'!AG125 -> 2.05 | D10: =VLOOKUP(B10,DNIT_CONSUL!$A$4:$D$114,4,FALSE) -> 16396.56 | E10: =ROUND(C10*D10,2) -> 33612.95
B11: P8066 | C11: ='QUADRO 01'!AH125 -> 11.36 | D11: =VLOOKUP(B11,DNIT_CONSUL!$A$4:$D$114,4,FALSE) -> 13163.74 | E11: =ROUND(C11*D11,2) -> 149540.09
B12: P8065 | C12: ='QUADRO 01'!AI125 -> 0 | D12: =VLOOKUP(B12,DNIT_CONSUL!$A$4:$D$114,4,FALSE) -> 12903 | E12: =ROUND(C12*D12,2) -> 0
B13: P8003 | C13: ='QUADRO 01'!AJ125 -> 0 | D13: =VLOOKUP(B13,DNIT_CONSUL!$A$4:$D$114,4,FALSE) -> 12196.82 | E13: =ROUND(C13*D13,2) -> 0
B15: Subtotal A1 | C15: =SUM(C8:C13) -> 13.91 | E15: =SUM(E8:E13) -> 192484.54
B17: P8147 | C17: ='QUADRO 01'!AK125 -> 1 | D17: =VLOOKUP(B17,DNIT_CONSUL!$A$4:$D$114,4,FALSE) -> 3242.89 | E17: =ROUND(C17*D17,2) -> 3242.89
B18: P8163 | C18: ='QUADRO 01'!AL125 -> 3 | D18: =VLOOKUP(B18,DNIT_CONSUL!$A$4:$D$114,4,FALSE) -> 2516.19 | E18: =ROUND(C18*D18,2) -> 7548.57
B19: P8155 | C19: ='QUADRO 01'!AM125 -> 25.35 | D19: =VLOOKUP(B19,DNIT_CONSUL!$A$4:$D$114,4,FALSE) -> 2920.29 | E19: =ROUND(C19*D19,2) -> 74029.35
B20: P8098 | C20: ='QUADRO 01'!AN125 -> 2 | D20: =VLOOKUP(B20,DNIT_CONSUL!$A$4:$D$114,4,FALSE) -> 2413.91 | E20: =ROUND(C20*D20,2) -> 4827.82
B23: Subtotal A2 | C23: =SUM(C17:C21) -> 31.35 | E23: =SUM(E17:E21) -> 89648.63
B26: P8135 | C26: ='QUADRO 01'!AO125 -> 0 | D26: =VLOOKUP(B26,DNIT_CONSUL!$A$4:$D$114,4,FALSE) -> 2837.59 | E26: =ROUND(C26*D26,2) -> 0
B27: P8028 | C27: ='QUADRO 01'!AP125 -> 8 | D27: =VLOOKUP(B27,DNIT_CONSUL!$A$4:$D$114,4,FALSE) -> 1639.47 | E27: =ROUND(C27*D27,2) -> 13115.76
B28: P8025 | C28: ='QUADRO 01'!AQ125 -> 0 | D28: =VLOOKUP(B28,DNIT_CONSUL!$A$4:$D$114,4,FALSE) -> 1639.47 | E28: =ROUND(C28*D28,2) -> 0
B29: P8026 | C29: ='QUADRO 01'!AR125 -> 0 | D29: =VLOOKUP(B29,DNIT_CONSUL!$A$4:$D$114,4,FALSE) -> 1914.95 | E29: =ROUND(C29*D29,2) -> 0
B30: P8027 | C30: ='QUADRO 01'!AS125 -> 6 | D30: =VLOOKUP(B30,DNIT_CONSUL!$A$4:$D$114,4,FALSE) -> 1810.44 | E30: =ROUND(C30*D30,2) -> 10862.64
B32: Subtotal A3 | C32: =SUM(C25:C30) -> 14 | E32: =SUM(E25:E30) -> 23978.4
B34: TOTAL | C34: =C32+C23+C15 -> 59.26 | E34: =E32+E23+E15 -> 306111.57

Sheet QUADRO 5 - CRONOGRAMA
A4: ANEXO G - QUADRO 5 - CRONOGRAMA FÍSICO - FINANCEIRO
A5: =PLANILHA!A3 -> PROJETO DE REQUALIFICAÇÃO E AMPLIAÇÃO DOS SISTEMAS DE ABASTECIMENTO D'ÁGUA EM DISTRITOS DE AFRANIO/PE
A6: ITEM | B6: SERVIÇOS | C6: =C77 -> 0 | D6: CRONOGRAMA (DIAS CORRIDOS / MESES)
C7: =PLANILHA!H26 -> 1010000 | D7: 30 | E7: 60 | F7: 90 | G7: 120 | H7: 150 | I7: 180 | J7: 210 | K7: 240 | L7: 270 | M7: 300 | N7: 330 | O7: 360
D8: 1 | E8: 2 | F8: 3 | G8: 4 | H8: 5 | I8: 6 | J8: 7 | K8: 8 | L8: 9 | M8: 10 | N8: 11 | O8: 12
A9: P1 | B9: ='QUADRO 01'!B10 -> P1 - Plano de Trabalho para os Estudos de Concepção, Projetos Básicos, Serviços Topográficos e Geotécnicos | C9: =ROUND(C10*$C$7,2) -> 73241.65
C10: ='QUADRO 01'!R11 -> 0.07251649 | D10: =C10 -> 0.07251649
D11: =C9 -> 73241.65
A12: P2 | B12: ='QUADRO 01'!B18 -> P2 - Estudos de Concepção | C12: =ROUND(C13*$C$7,2) -> 73241.63
C13: ='QUADRO 01'!R19 -> 0.07251647 | E13: =C13 -> 0.07251647
E14: =C12 -> 73241.63
A15: P3 | B15: ='QUADRO 01'!B26 -> P3 - Estudos Ambientais Preliminares (RAP) | C15: =ROUND(C16*$C$7,2) -> 26236.88
C16: ='QUADRO 01'!R27 -> 0.02597711 | E16: =C16 -> 0.02597711
E17: =C15 -> 26236.88
A18: P4 | B18: ='QUADRO 01'!B30 -> P4 - Projetos Básicos - Parte 1: Projeto básico do sistema d'água, planta geral do sistema, mananciais / captações, condutos adutoras / subadutoras, estações elevatórias, reservatórios, estações de tratamento, rede de distribuição, ligações domiciliares, desempenho operacional | C18: =ROUND(C19*$C$7,2) -> 105457.69
C19: ='QUADRO 01'!R31 -> 0.10441355 | F19: =ROUND($C$19/3,4) -> 0.0348 | G19: =ROUND($C$19/3,4) -> 0.0348 | H19: =ROUND($C$19/3,4) -> 0.0348
F20: =ROUND($C$18/3,4) -> 35152.563 | G20: =ROUND($C$18/3,4) -> 35152.563 | H20: =ROUND($C$18/3,4) -> 35152.563
A21: P5 | B21: ='QUADRO 01'!B38 -> P5 - Projetos Básicos - Parte 2 - Outros Projetos: Projeto hidráulico, relação de serviços / materiais / equipamentos / quantitativos, especificações dos serviços / materiais / equipamentos) | C21: =ROUND(C22*$C$7,2) -> 105457.69
C22: ='QUADRO 01'!R39 -> 0.10441355 | G22: =ROUND($C$22/3,4) -> 0.0348 | H22: =ROUND($C$22/3,4) -> 0.0348 | I22: =ROUND($C$22/3,4) -> 0.0348
G23: =ROUND($C$21/3,4) -> 35152.563 | H23: =ROUND($C$21/3,4) -> 35152.563 | I23: =ROUND($C$21/3,4) -> 35152.563
A24: P6 | B24: ='QUADRO 01'!B46 -> P6 - Projetos Básicos - Parte 3: Orçamento e Cronograma Físico | C24: =ROUND(C25*$C$7,2) -> 13227.22
C25: ='QUADRO 01'!R47 -> 0.01309626 | H25: =ROUND($C$25/3,4) -> 0.0044 | I25: =ROUND($C$25/3,4) -> 0.0044 | J25: =ROUND($C$25/3,4) -> 0.0044
H26: =ROUND($C$24/3,4) -> 4409.0733 | I26: =ROUND($C$24/3,4) -> 4409.0733 | J26: =ROUND($C$24/3,4) -> 4409.0733
A27: P7 | B27: ='QUADRO 01'!B50 -> P7 - Projetos Básicos - Parte 4: Desapropriações | C27: =ROUND(C28*$C$7,2) -> 13227.22
C28: ='QUADRO 01'!R51 -> 0.01309626 | H28: =ROUND($C$28/3,4) -> 0.0044 | I28: =ROUND($C$28/3,4) -> 0.0044 | J28: =ROUND($C$28/3,4) -> 0.0044
H29: =ROUND($C$27/3,4) -> 4409.0733 | I29: =ROUND($C$27/3,4) -> 4409.0733 | J29: =ROUND($C$27/3,4) -> 4409.0733
A30: P8 | B30: ='QUADRO 01'!B54 -> P8 - Projetos Básicos - Parte 5: Componente Ambiental | C30: =ROUND(C31*$C$7,2) -> 13227.22
C31: ='QUADRO 01'!R55 -> 0.01309626 | H31: =ROUND($C$31/3,4) -> 0.0044 | I31: =ROUND($C$31/3,4) -> 0.0044 | J31: =ROUND($C$31/3,4) -> 0.0044
H32: =ROUND($C$30/3,4) -> 4409.0733 | I32: =ROUND($C$30/3,4) -> 4409.0733 | J32: =ROUND($C$30/3,4) -> 4409.0733
A33: P9 | B33: ='QUADRO 01'!B58 -> P9 - Projetos Básicos - Parte 6: Levantamento de Campo (Topografia, Geotecnia) e Análise Físico-Química) | C33: =ROUND(C34*$C$7,2) -> 218752.93
C34: ='QUADRO 01'!R59 -> 0.21658706 | E34: =ROUND($C$34/3,4) -> 0.0722 | F34: =ROUND($C$34/3,4) -> 0.0722 | G34: =ROUND($C$34/3,4) -> 0.0722
E35: =ROUND($C$33/3,4) -> 72917.643 | F35: =ROUND($C$33/3,4) -> 72917.643 | G35: =ROUND($C$33/3,4) -> 72917.643
A36: P10 | B36: ='QUADRO 01'!B73 -> P10 - Projetos Executivos - Produto Final 1 - Detalhamento | C36: =ROUND(C37*$C$7,2) -> 95789.33
C37: ='QUADRO 01'!R74 -> 0.09484092 | J37: =ROUND($C$37/3,4) -> 0.0316 | K37: =ROUND($C$37/3,4) -> 0.0316 | L37: =ROUND($C$37/3,4) -> 0.0316
J38: =ROUND($C$36/3,4) -> 31929.777 | K38: =ROUND($C$36/3,4) -> 31929.777 | L38: =ROUND($C$36/3,4) -> 31929.777
A39: P11 | B39: ='QUADRO 01'!B81 -> P11 - Projetos Executivos - Produto Final 2 - Projeto de Estruturas e Fundações | C39: =ROUND(C40*$C$7,2) -> 25398.1
C40: ='QUADRO 01'!R82 -> 0.02514663 | K40: =ROUND($C$40/3,4) -> 0.0084 | L40: =ROUND($C$40/3,4) -> 0.0084 | M40: =ROUND($C$40/3,4) -> 0.0084
K41: =ROUND($C$39/3,4) -> 8466.0333 | L41: =ROUND($C$39/3,4) -> 8466.0333 | M41: =ROUND($C$39/3,4) -> 8466.0333
A42: P12 | B42: ='QUADRO 01'!B85 -> P12 - Projetos Executivos - Produto Final 3 - Projeto Elétrico | C42: =ROUND(C43*$C$7,2) -> 25398.1
C43: ='QUADRO 01'!R86 -> 0.02514663 | L43: =ROUND($C$43/3,4) -> 0.0084 | M43: =ROUND($C$43/3,4) -> 0.0084 | N43: =ROUND($C$43/3,4) -> 0.0084
L44: =ROUND($C$42/3,4) -> 8466.0333 | M44: =ROUND($C$42/3,4) -> 8466.0333 | N44: =ROUND($C$42/3,4) -> 8466.0333
A45: P13 | B45: ='QUADRO 01'!B89 -> P13 - Projetos Executivos - Produto Final 4 - Projeto de Automação. Medição e Instrumentação | C45: =ROUND(C46*$C$7,2) -> 25398.1
C46: ='QUADRO 01'!R90 -> 0.02514663 | L46: =ROUND($C$46/3,4) -> 0.0084 | M46: =ROUND($C$46/3,4) -> 0.0084 | N46: =ROUND($C$46/3,4) -> 0.0084
L47: =ROUND($C$45/3,4) -> 8466.0333 | M47: =ROUND($C$45/3,4) -> 8466.0333 | N47: =ROUND($C$45/3,4) -> 8466.0333
A48: P14 | B48: ='QUADRO 01'!B93 -> P14 - Projetos Executivos - Produto Final 5 - Projeto de Proteção | C48: =ROUND(C49*$C$7,2) -> 17894.99
C49: ='QUADRO 01'!R94 -> 0.01771781 | L49: =ROUND($C$49/3,4) -> 0.0059 | M49: =ROUND($C$49/3,4) -> 0.0059 | N49: =ROUND($C$49/3,4) -> 0.0059
L50: =ROUND($C$48/3,4) -> 5964.9967 | M50: =ROUND($C$48/3,4) -> 5964.9967 | N50: =ROUND($C$48/3,4) -> 5964.9967
A51: P15 | B51: ='QUADRO 01'!B97 -> P15 - Projetos Executivos - Produto Final 6 - Projeto de Terraplenagem, Drenagem e Restauração do Pavimento | C51: =ROUND(C52*$C$7,2) -> 42965.91
C52: ='QUADRO 01'!R98 -> 0.0425405 | L52: =ROUND($C$52/3,4) -> 0.0142 | M52: =ROUND($C$52/3,4) -> 0.0142 | N52: =ROUND($C$52/3,4) -> 0.0142
L53: =ROUND($C$51/3,4) -> 14321.97 | M53: =ROUND($C$51/3,4) -> 14321.97 | N53: =ROUND($C$51/3,4) -> 14321.97
A54: P16 | B54: ='QUADRO 01'!B101 -> P16 - Projetos Executivos - Produto Final 7 - Projeto de Instalações Prediais | C54: =ROUND(C55*$C$7,2) -> 34559.47
C55: ='QUADRO 01'!R102 -> 0.0342173 | L55: =ROUND($C$55/3,4) -> 0.0114 | M55: =ROUND($C$55/3,4) -> 0.0114 | N55: =ROUND($C$55/3,4) -> 0.0114
L56: =ROUND($C$54/3,4) -> 11519.823 | M56: =ROUND($C$54/3,4) -> 11519.823 | N56: =ROUND($C$54/3,4) -> 11519.823
A57: P17 | B57: ='QUADRO 01'!B105 -> P17 - Projetos Executivos - Produto Final 8 - Orçamento, Cronograma Físico-Financeiro e Plano de Execução de Obras | C57: =ROUND(C58*$C$7,2) -> 33630.35
C58: ='QUADRO 01'!R106 -> 0.03329738 | M58: =ROUND($C$58/3,4) -> 0.0111 | N58: =ROUND($C$58/3,4) -> 0.0111 | O58: =ROUND($C$58/3,4) -> 0.0111
M59: =ROUND($C$57/3,4) -> 11210.117 | N59: =ROUND($C$57/3,4) -> 11210.117 | O59: =ROUND($C$57/3,4) -> 11210.117
A60: P18 | B60: ='QUADRO 01'!B109 -> P18 - Projetos Executivos - Produto Final 9 - Manual de Operação e Manutenção | C60: =ROUND(C61*$C$7,2) -> 17804.65
C61: ='QUADRO 01'!R110 -> 0.01762837 | M61: =ROUND($C$61/3,4) -> 0.0059 | N61: =ROUND($C$61/3,4) -> 0.0059 | O61: =ROUND($C$61/3,4) -> 0.0059
M62: =ROUND($C$60/3,4) -> 5934.8833 | N62: =ROUND($C$60/3,4) -> 5934.8833 | O62: =ROUND($C$60/3,4) -> 5934.8833
A63: P19 | B63: ='QUADRO 01'!B113 -> P19 - Projetos Executivos - Produto Final 10 - Desapropriação | C63: =ROUND(C64*$C$7,2) -> 17804.65
C64: ='QUADRO 01'!R114 -> 0.01762837 | M64: =ROUND($C$64/3,4) -> 0.0059 | N64: =ROUND($C$64/3,4) -> 0.0059 | O64: =ROUND($C$64/3,4) -> 0.0059
M65: =ROUND($C$63/3,4) -> 5934.8833 | N65: =ROUND($C$63/3,4) -> 5934.8833 | O65: =ROUND($C$63/3,4) -> 5934.8833
A66: P20 | B66: ='QUADRO 01'!B117 -> P20 - Projetos Executivos - Produto Final 11 - Componente Ambiental | C66: =ROUND(C67*$C$7,2) -> 18179.8
C67: ='QUADRO 01'!R118 -> 0.0179998 | M67: =ROUND($C$67/3,4) -> 0.006 | N67: =ROUND($C$67/3,4) -> 0.006 | O67: =ROUND($C$67/3,4) -> 0.006
M68: =ROUND($C$66/3,4) -> 6059.9333 | N68: =ROUND($C$66/3,4) -> 6059.9333 | O68: =ROUND($C$66/3,4) -> 6059.9333
A69: P21 | B69: ='QUADRO 01'!B121 -> P21 - Projetos Executivos - Produto Final 12 - Relatórios dos Serviços Topográficos, Geotécnicos e Análises Físico-Químicas | C69: =ROUND(C70*$C$7,2) -> 13106.42
C70: ='QUADRO 01'!R122 -> 0.01297665 | I70: =ROUND($C$70/3,4) -> 0.0043 | J70: =ROUND($C$70/3,4) -> 0.0043 | K70: =ROUND($C$70/3,4) -> 0.0043
I71: =ROUND($C$69/3,4) -> 4368.8067 | J71: =ROUND($C$69/3,4) -> 4368.8067 | K71: =ROUND($C$69/3,4) -> 4368.8067
A72: % MENSAL | D72: =SUMIF(D9:D71,"<=1",D9:D71) -> 0.07251649 | E72: =SUMIF(E9:E71,"<=1",E9:E71) -> 0.17069358 | F72: =SUMIF(F9:F71,"<=1",F9:F71) -> 0.107 | G72: =SUMIF(G9:G71,"<=1",G9:G71) -> 0.1418 | H72: =SUMIF(H9:H71,"<=1",H9:H71) -> 0.0828 | I72: =SUMIF(I9:I71,"<=1",I9:I71) -> 0.0523 | J72: =SUMIF(J9:J71,"<=1",J9:J71) -> 0.0491 | K72: =SUMIF(K9:K71,"<=1",K9:K71) -> 0.0443 | ... O72: =SUMIF(O9:O71,"<=1",O9:O71) -> 0.0289
A73: TOTAL MENSAL | C73: =SUMIF(C9:C71,"<=1",C9:C71) -> 1 | D73: =SUMIF(D9:D71,">1",D9:D71) -> 73241.65 | E73: =SUMIF(E9:E71,">1",E9:E71) -> 172396.15 | F73: =SUMIF(F9:F71,">1",F9:F71) -> 108070.21 | G73: =SUMIF(G9:G71,">1",G9:G71) -> 143222.77 | H73: =SUMIF(H9:H71,">1",H9:H71) -> 83532.347 | I73: =SUMIF(I9:I71,">1",I9:I71) -> 52748.59 | J73: =SUMIF(J9:J71,">1",J9:J71) -> 49525.803 | K73: =SUMIF(K9:K71,">1",K9:K71) -> 44764.617 | ... O73: =SUMIF(O9:O71,">1",O9:O71) -> 29139.817
A74: % ACUMULADO | C74: =SUMIF(C9:C71,">1",C9:C71) -> 1010000 | D74: =D72 -> 0.07251649 | E74: =E72+D74 -> 0.24321007 | F74: =F72+E74 -> 0.35021007 | G74: =G72+F74 -> 0.49201007 | H74: =H72+G74 -> 0.57481007 | I74: =I72+H74 -> 0.62711007 | J74: =J72+I74 -> 0.67621007 | K74: =K72+J74 -> 0.72051007 | L74: =L72+K74 -> 0.80881007 | ... O74: =O72+N74 -> 1.0005101
A75: TOTAL ACUMULADO | C75: =SUMIF(C11:C72,">1",C11:C72) -> 936758.35 | D75: =D73 -> 73241.65 | E75: =D75+E73 -> 245637.8 | F75: =E75+F73 -> 353708.01 | G75: =F75+G73 -> 496930.78 | H75: =G75+H73 -> 580463.13 | I75: =H75+I73 -> 633211.72 | J75: =I75+J73 -> 682737.52 | K75: =J75+K73 -> 727502.14 | L75: =K75+L73 -> 816636.8 | ... O75: =N75+O73 -> 1010000
C77: =C74-C7 -> 0

Sheet DNIT_CONSUL
A2: CONSULTORIA CUSTOS DE MÃO DE OBRA - DNIT
A3: DATA-BASE: | B3: 45658
A4: CÓDIGO | B4: CATEGORIA PROFISSIONAL | C4: UND | D4: SALÁRIO (R$)
A5: P8001 | B5: Advogado júnior | C5: mês | D5: 4915.72
A6: P8002 | B6: Advogado pleno | C6: mês | D6: 6554.29
A7: P8003 | B7: Advogado sênior | C7: mês | D7: 12196.82
A8: P8007 | B8: Analista de desenvolvimento de sistemas júnior | C8: mês | D8: 4417.81
A9: P8008 | B9: Analista de desenvolvimento de sistemas pleno | C9: mês | D9: 5699.98
A10: P8009 | B10: Analista de desenvolvimento de sistemas sênior | C10: mês | D10: 10119.99
A11: P8013 | B11: Arquiteto júnior | C11: mês | D11: 12903
A12: P8014 | B12: Arquiteto pleno | C12: mês | D12: 13128.58
A13: P8015 | B13: Arquiteto sênior | C13: mês | D13: 15998.46
A14: P8019 | B14: Assistente social júnior | C14: mês | D14: 3294.18
A15: P8020 | B15: Assistente social pleno | C15: mês | D15: 4392.24
A16: P8021 | B16: Assistente social sênior | C16: mês | D16: 7474.93
... A113: B8960 | B113: Despesas diversas de residência | C113: R$ x ocupante / mês | D113: 203.54
A114: E8889 | B114: Veículo leve - 53 kW (sem motorista) | C114: mês | D114: =Aux_Custo_Veículos!G3 -> 2926.2
A115: E8891 | B115: Veículo leve picape 4x4 - 147 kW (sem motorista) | C115: mês | D115: =Aux_Custo_Veículos!G4 -> 7375.55
A116: E8887 | B116: Van furgão - 93 kW (com motorista) | C116: mês | D116: =Aux_Custo_Veículos!G5 -> 9848.6
A118: GA4 | B118: Impressão A4 | C118: Ud | D118: 800
A119: GA3 | B119: Impressão A3 | C119: Ud | D119: 1500

Sheet Aux_Custo_Veículos
A2: AUXILIAR - CUSTO VEÍCULOS
A3: E8889 | B3: Veículo leve - 53 kW (sem motorista) | C3: 65 | D3: 100 | E3: 35.28 | F3: 6.33 | G3: =ROUND(($C$3*E3)+($D$3*F3),2) -> 2926.2
A4: E8891 | B4: Veículo leve picape 4x4 - 147 kW (sem motorista) | C4: 65 | D4: 100 | E4: 78.47 | F4: 22.75 | G4: =ROUND(($C$4*E4)+($D$4*F4),2) -> 7375.55
A5: E8887 | B5: Van furgão - 93 kW (com motorista) | C5: 65 | D5: 100 | E5: 83.04 | F5: 44.51 | G5: =ROUND(($C$5*E5)+($D$5*F5),2) -> 9848.6

Sheet Serviços Gráficos
A1: Anexo II.e - SERVIÇOS GRÁFICOS
A2: Objeto | K2: DATA BASE: ABRIL/2013
A3: CONTRATAÇÃO DE EMPRESA DE ENGENHARIA CONSULTIVA PARA ELABORAÇÃO DE PROJETOS EXECUTIVOS DE DE PAVIMENTAÇÃO E DRENAGEM DA ESTRADA DE ACESSO AO DISTRITO DE SANTA LUZIA NO MUNICÍPIO DE BELO JARDIM/PE.
A5: TIPO DE RELATÓRIO | C5: NÚMERO DE VOLUMES | D5: TÍTULO | G5: NÚMERO TOTAL DE VIAS / FOLHAS | I5: FORMATO | K5: CUSTO
K7: UNITÁRIO | M7: TOTAL
C16: Nota: | D16: 1 - Todas as cópias são do tipo xerox
D17: 2 - No Relatório Final será fornecida uma original impressa e gravada em CD-ROM
A19: TOTAL | M19: =SUM(M8:M18) -> 0
